Workbook

Sheet info
A1: Global Enforcement in the Financial Industry (GEFI) - Swiss data - FINMA enforcement statistics globalenforcement.ch
A2: Data set | B2: Enforcement cases proactively communicated by FINMA media releases
A3: Period | B3: 2009- October 2026
A4: Version | B4: 46320
A5: Digital Object Identifier (DOI) | B5: DOI: tbd
A6: Website | B6: http://www.globalenforcement.org run by the Association "Global Enforcement in the Financial Industry and Capital Markets (GEFI)"
A7: Description | B7: This dataset provides data on the enforcement cases proactively communicated by FINMA in media releases including the names of the targets, the main topics and the measures imposed by FINMA
A8: Source (URL) | B8: FINMA media releases (https://www.finma.ch/en/media/press-releases/) FINMA case reports (https://www.finma.ch/en/documentation/enforcement-reporting/kasuistik/)

Sheet Communicated cases
C2: Enforcement cases proactively communicated by FINMA media releases | CC2: #VALUE!
B3: Table copyright: Association Global Enforcement in the Financial Industry and Capital Markets (GEFI) Table responsible: Urs Zulauf Status: October 2026
B4: Source: FINMA media releases
B5: Source: FINMA enforcement case reports
B6: Source: GEFI CH01e – FINMA enforcement cases (since 2009).xls
B7: Target name | C7: Target name disclosure | D7: Target type | E7: Target status | F7: 2026 | G7: 2025 | H7: 2024 | I7: 2023 | J7: 2022 | K7: 2021 | L7: 2020 | M7: 2019 | N7: 2018 | O7: 2017 | P7: 2016 | Q7: 2015 | R7: 2014 | S7: 2013 | T7: 2012 | U7: 2011 | V7: 2010 | W7: 2009 | X7: Total rulings with media releases | Y7: Average number of media releases of rulings per year | Z7: Date ruling info | AA7: Time gap ruling and info date (days) | AB7: Date proceeding info | AC7: Date investigation info | AD7: Ruling date | AE7: FINMA case ID | AF7: Detailled case outline | AG7: Main topic | AH7: Other Topics | AI7: Measure 1 | AJ7: Measure 2 | AK7: Measure 3 | AL7: Measure 4 | AM7: Measure 5 | AN7: FINMA teaser on ruling | AO7: Link ruling info | AP7: FINMA teaser on enforcement proceeding | AQ7: Link proceeding info | AR7: FINMA teaser on investigation | AS7: Link investigation info | AT7: Appeal | AU7: FAC decision / proceeding | AV7: FAC decision date | AW7: FSC decision | AX7: FSC decision date | AY7: Parallel foreign enforcement | AZ7: Parallel publication of foreign proceedings | BA7: Commentary
B8: R.P., G.S. | C8: yes | D8: Individuals | E8: Investor(s) in listed company | W8: 1 | X8: =SUM(F8:W8) -> 1 | Z8: 39839 | AA8: =Z8-AD8 -> 4 | AB8: n/a | AC8: n/a | AD8: 39835 | AE8: 2009-04 | AF8: no | AG8: Disclosure of qualified shareholding in listed company | AI8: Reprimand | AJ8: Reporting to criminal prosecutor | AN8: FINMA finds infringement of the obligation to disclose in the Sulzer case The Swiss Financial Market Supervisory Authority (FINMA) ruled on 22 January 2009 that Ronny Pecik sen. and Georg Stumpf, together acting in an organized group, infringed their disclosure obligations under Art. 20 of the Stock Exchange Act when building their stake in Sulzer AG towards the end of 2006 and beginning of 2007. FINMA will, as a result, file a criminal complaint with the Federal Department of Finances as required by law. | AO8: https://www.finma.ch/news/2009/01/mm-sulzer-20090126/ | AP8: n/a | AR8: n/a | AT8: yes | AU8: B-1215/2009 | AV8: 40491 | AW8: no | AX8: n/a | AY8: no | AZ8: no | BA8: Sulzer case, counted as 1 case under target Ronny Pecik and Georg Stumpf
B9: Zürcher Kantonalbank | C9: yes | D9: Legal entity | E9: Bank | W9: 1 | X9: =SUM(F9:W9) -> 1 | Z9: 39839 | AA9: =Z9-AD9 -> 4 | AB9: n/a | AC9: n/a | AD9: 39835 | AE9: 2009-05 | AF9: no | AG9: Controls and organisation (including inadquate risk management) | AH9: Disclosure of qualified shareholding in listed company | AI9: Reprimand | AN9: FINMA finds infringement of the obligation to disclose in the Sulzer case The Swiss Financial Market Supervisory Authority (FINMA) ruled on 22 January 2009 that Ronny Pecik sen. and Georg Stumpf, together acting in an organized group, infringed their disclosure obligations under Art. 20 of the Stock Exchange Act when building their stake in Sulzer AG towards the end of 2006 and beginning of 2007. FINMA will, as a result, file a criminal complaint with the Federal Department of Finances as required by law. | AO9: https://www.finma.ch/news/2009/01/mm-sulzer-20090126/ | AP9: n/a | AR9: n/a | AT9: no | AU9: n/a | AV9: n/a | AW9: n/a | AX9: n/a | AY9: no | AZ9: no | BA9: Reduction of bonus pool 2008
B10: UBS | C10: yes | D10: Legal entity | E10: Bank | W10: 1 | X10: =SUM(F10:W10) -> 1 | Z10: 39853 | AA10: =Z10-AD10 -> 6 | AB10: n/a | AC10: n/a | AD10: 39847 | AE10: n/a | AF10: yes | AG10: Prudential Rules | AI10: Correctif organisational measures | AN10: Severe reduction in variable compensation at UBS The Swiss Financial Market Supervisory Authority (FINMA), in its decision dated 3rd February 2009, allows UBS to distribute CHF 1.8 billion of variable remuneration for the year 2008. Besides the legally guaranteed payments, UBS shall be entitled to distribute discretionary payments. The reduction of the overall amount of the variable remuneration by UBS is massive in comparison to the international standards and to the past years. Besides the limitation of the variable remuneration relevant for the 2008 annual results, FINMA decided to limit the deferred components. The latter will be distributed over several years and shall be paid if very strict conditions are fulfilled. | AO10: https://www.finma.ch/en/news/2009/02/mm-ubs-variable-verguetungen-20090210/ | AP10: n/a | AR10: n/a | AT10: no | AU10: n/a | AV10: n/a | AW10: n/a | AX10: n/a | AY10: no | AZ10: no | BA10: US client tax case, appeal by affected clients of FINMA decision ordering transfer of client data do US authorities
B11: UBS | C11: yes | D11: Legal entity | E11: Bank | W11: 1 | X11: =SUM(F11:W11) -> 1 | Z11: 39862 | AA11: =Z11-AD11 -> 0 | AB11: n/a | AC11: n/a | AD11: 39862 | AE11: 2009-08 | AF11: yes | AG11: Controls and organisation (including inadquate risk management) | AI11: Reprimand | AJ11: Correctif organisational measures | AK11: Order to transfer client data | AN11: FINMA makes possible settlement between UBS and the US authorities and announces the results of its own investigation FINMA welcomes the settlement reached between UBS and the US authorities thereby avoiding the looming threat of formal criminal charges being filed against the bank in the USA. In order to avert the drastic consequences such charges would have for UBS and the stability of the Swiss financial system, FINMA has ordered that a limited quantity of client data be handed over to the US authorities immediately. FINMA is also publishing the results of the investigation carried out by the Swiss Federal Banking Commission (SFBC) in relation to this matter. The SFBC ruling reprimands UBS for a severe breach of certain provisions of the Swiss Banking Act by individual staff members and serious shortcomings in dealing with the legal risks associated with its business with US clients. | AO11: https://www.finma.ch/en/news/2009/02/mm-ubs-xborder-20090218/ | AP11: n/a | AR11: n/a | AT11: yes | AU11: B-1092/2009 | AV11: 40183 | AW11: 2C_127/2010 | AX11: 40739 | AY11: yes | AZ11: yes
B12: ACH Securities SA | C12: yes | D12: Legal entity | E12: Securities dealer | W12: 1 | X12: =SUM(F12:W12) -> 1 | Z12: 39868 | AA12: =Z12-AD12 -> 8 | AB12: n/a | AC12: n/a | AD12: 39860 | AE12: 2009-07 | AF12: no | AG12: Bankruptcy | AN12: FINMA announces opening of insolvency proceedings against ACH Securities SA of Geneva | AO12: https://www.finma.ch/en/news/2009/02/mm-ach-securities-sa-20090224/ | AP12: n/a | AR12: n/a | AT12: no | AU12: n/a | AV12: n/a | AW12: n/a | AX12: n/a | AY12: no | AZ12: no | BA12: False information to FINMA et.al.
B13: Bank Leumi (Schweiz AG) | C13: yes | D13: Legal entity | E13: Bank | W13: 1 | X13: =SUM(F13:W13) -> 1 | Z13: 40098 | AA13: =Z13-AD13 -> 84 | AB13: n/a | AC13: n/a | AD13: 40014 | AE13: 2009-26 | AF13: no | AG13: Fitness and properness | AH13: Controls and organisation (including inadquate risk management) | AI13: Reprimand | AJ13: Publication of ruling | AN13: FINMA issues a reprimand against Bank Leumi (Switzerland) AG based on the actions of its Geneva branch | AO13: https://www.finma.ch/en/news/2009/10/aktuell-bank-leumi-20091012/ | AP13: n/a | AR13: n/a | AT13: no | AU13: n/a | AV13: n/a | AW13: n/a | AX13: n/a | AY13: no | AZ13: no | BA13: Sulzer case, counted as 1 case under target Ronny Pecik and Georg Stumpf
B14: Deutsche Bank AG, Zurich branch | C14: yes | D14: Legal entity | E14: Bank | W14: 1 | X14: =SUM(F14:W14) -> 1 | Z14: 40120 | AA14: =Z14-AD14 -> 113 | AB14: n/a | AC14: n/a | AD14: 40007 | AE14: 2009-24 | AF14: no | AG14: Controls and organisation (including inadquate risk management) | AH14: Disclosure of qualified shareholding in listed company | AI14: Reprimand | AN14: FINMA closes investigation in Sulzer case The FINMA Circular on remuneration schemes is intended to have a lasting effect on remuneration practices in the financial sector. Remuneration schemes should not create incentives to take inappropriate risks and thereby potentially damage the stability of financial institutions. One of the focal points of the Circular is variable remuneration. In drawing up the Circular, FINMA has taken into account the results of the consultation process and international developments, in particular the latest standards issued by the Financial Stability Board. The Circular will take effect on 1 January 2010 | AO14: https://www.finma.ch/en/news/2009/11/mm-sulzer-20091103/ | AP14: n/a | AR14: n/a | AT14: no | AU14: n/a | AV14: n/a | AW14: n/a | AX14: n/a | AY14: no | AZ14: no
B15: Neue Zürcher Bank (NZB) | C15: yes | D15: Legal entity | E15: Bank | W15: 1 | X15: =SUM(F15:W15) -> 1 | Z15: 40120 | AA15: =Z15-AD15 -> 15 | AB15: n/a | AC15: n/a | AD15: 40105 | AE15: 2009-36 | AF15: no | AG15: Controls and organisation (including inadquate risk management) | AH15: Disclosure of qualified shareholding in listed company | AI15: Reprimand | AN15: FINMA closes investigation in Sulzer case The FINMA Circular on remuneration schemes is intended to have a lasting effect on remuneration practices in the financial sector. Remuneration schemes should not create incentives to take inappropriate risks and thereby potentially damage the stability of financial institutions. One of the focal points of the Circular is variable remuneration. In drawing up the Circular, FINMA has taken into account the results of the consultation process and international developments, in particular the latest standards issued by the Financial Stability Board. The Circular will take effect on 1 January 2010 | AO15: https://www.finma.ch/en/news/2009/11/mm-sulzer-20091103/ | AP15: n/a | AR15: n/a | AT15: no | AU15: n/a | AV15: n/a | AW15: n/a | AX15: n/a | AY15: no | AZ15: no | BA15: Trigger: Falciani data theft
B16: Credit Suisse | C16: yes | D16: Legal entity | E16: Bank | W16: 1 | X16: =SUM(F16:W16) -> 1 | Z16: 40163 | AA16: =Z16-AD16 -> 106 | AB16: n/a | AC16: n/a | AD16: Sept 2009 | AE16: n/a | AF16: yes | AG16: Controls and organisation (including inadquate risk management) | AI16: Reprimand | AN16: Settlement between Credit Suisse and U.S. authorities regarding breach of U.S. sanctions – clarifications by FINMA On 16 December 2009, Credit Suisse signed a settlement with various U.S. authorities regarding breaches of U.S. law. The settlement covers USD payments processed for persons from countries subject to U.S. economic sanctions. FINMA has followed this case closely from the outset. It has harshly reprimanded the Bank for its actions in light of Swiss supervisory law and has requested disciplinary measures | AO16: https://www.finma.ch/en/news/2009/12/mm-cs-usbehoerden-20091216/ | AP16: n/a | AR16: n/a | AT16: no | AU16: n/a | AV16: n/a | AW16: n/a | AX16: n/a | AY16: yes | AZ16: yes | BA16: Sia Abrasives
B17: Aston Bank | C17: yes | D17: Legal entity | E17: Bank | V17: 1 | X17: =SUM(F17:W17) -> 1 | Z17: 40184 | AA17: =Z17-AD17 -> 16 | AB17: n/a | AC17: n/a | AD17: 40168 | AE17: 2009-43 | AF17: no | AG17: Bankruptcy | AI17: Bankruptcy | AN17: FINMA launches liquidation proceedings at Aston Bank The Swiss Financial Market Supervisory Authority FINMA has withdrawn the banking licence and securities dealing licence of Aston Bank, Lugano. FINMA has determined that the bank had severe organisational failings and was overindebted. Liquidation proceedings have therefore been launched. Investors who hold privileged deposits are covered by the Deposit Protection Scheme. | AO17: https://www.finma.ch/en/news/2010/01/mm-aston-bank-20100106/ | AP17: n/a | AR17: n/a | AT17: no | AU17: n/a | AV17: n/a | AW17: n/a | AX17: n/a | AZ17: yes | BA17: Sia Abrasives
B18: HSBC Private Bank (CH) AG | C18: yes | D18: Legal entity | E18: Bank | U18: 1 | X18: =SUM(F18:W18) -> 1 | Z18: 40602 | AA18: =Z18-AD18 -> 10 | AB18: 40248 | AC18: n/a | AD18: 40592 | AE18: 2011-05 | AF18: no | AG18: Controls and organisation (including inadquate risk management) | AH18: Data protection | AI18: Reprimand | AN18: HSBC data theft: FINMA completes investigation Following a comprehensive investigation into the large-scale theft of data from HSBC Private Bank (Suisse) SA, FINMA has reprimanded the bank for deficiencies in its internal organisation and IT controls. FINMA has also called on the bank to see through the measures it has already initiated to comply with the legal requirements. FINMA will ensure that these measures are implemented promptly. | AO18: https://www.finma.ch/en/news/2011/02/mm-hsbc-20110228/ | AP18: FINMA is investigating the data stolen at HSBC | AQ18: https://www.finma.ch/en/news/2010/03/mm-hsbc-20100323/ | AR18: n/a | AT18: no | AU18: n/a | AV18: n/a | AW18: n/a | AX18: n/a | AY18: yes | AZ18: yes
B19: G.B. | C19: yes | D19: Individual(s) | E19: Investor(s) in listed company | U19: 1 | X19: =SUM(F19:W19) -> 1 | Z19: 40617 | AA19: =Z19-AD19 -> 1 | AB19: n/a | AC19: n/a | AD19: 40616 | AE19: 2011-10 | AF19: no | AG19: Disclosure of qualified shareholding in listed company | AI19: Reprimand | AJ19: Reporting to criminal prosecutor | AN19: FINMA closes investigation into sia Abrasives case The Swiss Financial Market Regulatory Authority FINMA has closed its investigation initiated in January 2009 into the sia Abrasives case. It ruled that Giorgio Behr breached his disclosure obligations under Article 20 of the Stock Exchange Act when building a stake in sia Abrasives. Bank am Bellevue actively aided him and, by doing so, breached its organisational duties and its duties to assure proper business conduct. FINMA filed a criminal complaint against Giorgio Behr with the Federal Department of Finance. | AO19: https://www.finma.ch/en/news/2011/03/mm-behr-bab-20110316/ | AP19: n/a | AR19: n/a | AT19: no | AU19: n/a | AV19: n/a | AW19: n/a | AX19: n/a | AY19: no | AZ19: no
B20: Bank am Bellevue | C20: yes | D20: Legal entity | E20: Bank | U20: 1 | X20: =SUM(F20:W20) -> 1 | Z20: 40617 | AA20: =Z20-AD20 -> 1 | AB20: n/a | AC20: n/a | AD20: 40616 | AE20: 2011-11 | AF20: no | AG20: Disclosure of qualified shareholding in listed company | AH20: Controls and organisation, fitness and properness | AI20: Reprimand | AN20: FINMA closes investigation into sia Abrasives case The Swiss Financial Market Regulatory Authority FINMA has closed its investigation initiated in January 2009 into the sia Abrasives case. It ruled that Giorgio Behr breached his disclosure obligations under Article 20 of the Stock Exchange Act when building a stake in sia Abrasives. Bank am Bellevue actively aided him and, by doing so, breached its organisational duties and its duties to assure proper business conduct. FINMA filed a criminal complaint against Giorgio Behr with the Federal Department of Finance. | AO20: https://www.finma.ch/en/news/2011/03/mm-behr-bab-20110316/ | AP20: n/a | AR20: n/a | AT20: yes | AU20: n/a | AV20: n/a | AW20: n/a | AX20: n/a | AY20: no | AZ20: no | BA20: Manipuation of price of own shares
B21: KPT and 4 members of BoD | C21: yes | D21: Legal entity | E21: Insurer (health) | T21: 1 | X21: =SUM(F21:W21) -> 1 | Z21: 40919 | AA21: =Z21-AD21 -> 5 | AB21: n/a | AC21: n/a | AD21: 40914 | AE21: 2012-02 | AF21: no | AG21: Governance | AI21: Reprimand | AN21: Sanctions in the KPT case In a ruling dated 6 January 2012, FINMA has concluded administrative proceedings against KPT Versicherungen AG (KPT) and three of its managers. It ruled that serious breaches of duty had taken place. These related in particular to the setting of the price for shares that were to be bought back as part of a planned merger in 2010, and to payments to directors under mandate agreements. In both cases, inadequate regard was paid to the rules on handling conflicts of interest. Based on these breaches of duty, FINMA has banned two former members of the board of directors from exercising a senior management function within the financial sector for four years and has ordered the disgorgement of their unjustified payments. FINMA has appointed Peter Eckert to take over the interim management of KPT at director level and to ensure for an orderly completion or new appointments to the board of directors. These measures do not threaten KPT's operational activities and the solvency provisions are met. | AO21: https://www.finma.ch/en/news/2012/01/mm-kpt-20120111/ | AP21: n/a | AR21: n/a | AT21: yes | AU21: B-19/2012 B-798/2012 | AV21: 41605 | AW21: n/a | AX21: n/a | AY21: no | AZ21: yes
B22: Valiant | C22: yes | D22: Legal entity | E22: Bank | T22: 1 | X22: =SUM(F22:W22) -> 1 | Z22: 41023 | AA22: =Z22-AD22 -> 4 | AB22: n/a | AC22: n/a | AD22: 41019 | AE22: 2012-11 | AF22: no | AG22: Market Abuse | AI22: Reprimand | AJ22: Correctif organisational measures | AN22: FINMA issues reprimand to Valiant over violation of market conduct rules With a decision dated 20 April 2012, the Swiss Financial Market Supervisory Authority FINMA has concluded administrative proceedings commenced in early 2011 against Valiant Holding AG and the former Valiant Privatbank AG (now Valiant Bank AG). Prior to a sharp fall in October 2010, Valiant propped up the price of its own registered shares against the general market trend and kept it artificially high. In doing so, it committed a serious violation of the supervisory provisions on market conduct, and infringed both its duty to ensure proper business conduct and its organisational requirements. FINMA therefore imposed special conditions on Valiant | AO22: https://www.finma.ch/en/news/2012/04/mm-valiant-20120425/ | AP22: n/a | AR22: n/a | AT22: no | AX22: n/a | AY22: no | AZ22: yes | BA22: Adoboli rogue trader
B23: UBS | C23: yes | D23: Legal entities | E23: Bank | T23: 1 | X23: =SUM(F23:W23) -> 1 | Z23: 41239 | AA23: =Z23-AD23 -> 5 | AB23: n/a | AC23: n/a | AD23: 41234 | AE23: 2012-33 | AF23: yes | AG23: Controls and organisation (including inadquate risk management) | AI23: Business restrictions | AJ23: Monitor | AN23: UBS trading losses in London: FINMA finds major control failures The proceedings launched by the Swiss Financial Market Supervisory Authority FINMA into UBS's trading losses in London have highlighted serious deficiencies in risk management and controls at UBS's Investment Bank. In FINMA's view, the fraudulent transactions executed by the rogue trader would have been detected sooner if these deficiencies had not existed. As soon as the unauthorised trading activities became known, FINMA imposed preventive measures to limit UBS's operational risks. Now that its proceedings have been completed, FINMA is appointing an independent third party to ensure that corrective measures are successfully implemented. | AO23: https://www.finma.ch/en/news/2012/11/mm-ubs-london-20121126/ | AP23: n/a | AR23: n/a | AT23: no | AX23: n/a | AY23: yes | AZ23: yes | BA23: LIBOR manipulation
B24: UBS | C24: yes | D24: Legal entity | E24: Bank | T24: 1 | X24: =SUM(F24:W24) -> 1 | Z24: 41262 | AA24: =Z24-AD24 -> 5 | AB24: n/a | AC24: n/a | AD24: 41257 | AE24: 2012-36 | AF24: yes | AG24: Market Abuse | AN24: LIBOR: FINMA concludes proceedings against UBS and orders disgorgement of profits The Swiss Financial Market Supervisory Authority has concluded its proceedings against UBS AG in connection with the submission of interest rates, particularly to the London Interbank Offered Rate (LIBOR). FINMA has established that UBS seriously violated Swiss financial market legislation and ordered measures to be taken to improve the processes involved. FINMA has also ordered UBS to disgorge CHF 59 million in profits to the Swiss Confederation. | AO24: https://www.finma.ch/en/news/2012/12/mm-ubs-libor-20121219/ | AP24: n/a | AR24: n/a | AT24: no | AX24: n/a | AY24: no | AZ24: yes | BA24: Manipuation of price of own shares
B25: Basler Kantonalbank | C25: yes | D25: Legal entity | E25: Bank | S25: 1 | X25: =SUM(F25:W25) -> 1 | Z25: 41599 | AA25: =Z25-AD25 -> 13 | AB25: n/a | AC25: n/a | AD25: 41586 | AE25: 2013-41 | AF25: no | AG25: Market Abuse | AH25: Controls and organisation, fitness and properness | AI25: Disgorgement of profits | AJ25: Business restrictions | AN25: FINMA reprimands Basler Kantonalbank for violating market conduct rules and orders disgorgement of profits Between 2009 and 2012, Basler Kantonalbank inadmissibly propped up the market price of its own participation certificates. This constituted a serious violation of supervisory provisions on market conduct and an infringement of its organisational requirements and duty to assure proper business conduct. FINMA is imposing special conditions on Basler Kantonalbank and is ordering the disgorgement of illegally generated profits amounting to CHF 2.64 million. FINMA recognises the measures that in the meantime have been taken by the Basler Kantonalbank. | AO25: https://www.finma.ch/en/news/2013/11/mm-bkb-marktverhaltensregeln-20131121/ | AP25: n/a | AR25: n/a | AT25: no | AX25: n/a | AY25: no | AZ25: no | BA25: Market manipulation
B26: PANICAlife | C26: yes | D26: Legal entity | E26: Insurer (life) | S26: 1 | X26: =SUM(F26:W26) -> 1 | Z26: 41626 | AA26: =Z26-AD26 -> 1 | AB26: n/a | AC26: n/a | AD26: 41625 | AE26: 2013-47 | AF26: no | AG26: Bankruptcy | AI26: Bankruptcy | AN26: FINMA opens bankruptcy proceedings against PANVICAlife PANVICAlife Genossenschaft was active in the life insurance business without the required licence from the Swiss Financial Market Supervisory Authority FINMA. As the company did not meet the conditions for subsequent authorisation and there is also a justified concern of over-indebtedness, FINMA has opened bankruptcy proceedings against PANVICAlife. In order to protect the insured persons, FINMA ordered that all assets be used to cover the insured persons' claims. (inofficial translation of German text) | AO26: https://www.finma.ch/de/news/2013/12/mm-konkurs-panvica-20131218/ | AP26: n/a | AR26: n/a | AT26: no | AX26: n/a | AY26: no | AZ26: no
B27: In Core Bank AG | C27: yes | D27: Legal entity | E27: Bank | S27: 1 | X27: =SUM(F27:W27) -> 1 | Z27: 41627 | AA27: =Z27-AD27 -> 6 | AB27: n/a | AC27: n/a | AD27: 41621 | AE27: 2013-46 | AF27: no | AG27: Market Abuse | AI27: Disgorgement of profits | AJ27: Business restrictions | AN27: FINMA orders Incore Bank to disgorge profits The proprietary trading desk at Incore Bank AG had inadmissibly influenced the market prices of securities in the bank's favour. This constituted a violation of market conduct rules and an infringement of organisational requirements and duty to assure proper business conduct. The Swiss Financial Market Supervisory Authority FINMA is imposing special conditions on the bank and is ordering the disgorgement of illegally generated profits amounting to CHF 3.5 million. Incore Bank has already taken organisational measures and has ceased entirely trading in its own equity securities | AO27: https://www.finma.ch/en/news/2013/12/mm-incore-bank-ag-20131219/ | AP27: n/a | AR27: n/a | AT27: no | AX27: n/a | AY27: no | AZ27: no | BA27: US Sanctions case
B28: Credit Suisse | C28: yes | D28: Legal entity | E28: Bank | T28: 1 | X28: =SUM(F28:W28) -> 1 | Z28: 41749 | AA28: =Z28-AD28 -> 576 | AB28: n/a | AC28: n/a | AD28: 41173 | AE28: 2012-26 | AF28: yes | AG28: Controls and organisation (including inadquate risk management) | AI28: Business restrictions | AJ28: Correctif organisational measures | AN28: FINMA publishes summary report on proceedings against Credit Suisse The Swiss Financial Market Supervisory Authority FINMA has published today a summary report on the enforcement proceedings it conducted against Credit Suisse between 2011 and 2012. The proceedings focused on the bank’s cross-border business with US clients during the period from 2000 to 2008. FINMA concluded that Credit Suisse had violated its duty to identify, limit and monitor the risks involved in the US client business. The corrective measures ordered by FINMA have been implemented by Credit Suisse. FINMA’s proceedings have been concluded and no further measures against Credit Suisse are to be expected. Today Credit Suisse has also announced agreements with the U.S. Department of Justice (DoJ), the Board of Governors of the Federal Reserve System and the New York State Department of Financial Services with respect to this matter. The agreement with the DoJ involves a guilty plea. Four important US authorities have thus concluded their investigations against Credit Suisse regarding its relationships with US clients. The bank has paid a total of USD 2.815 billion (CHF 2.510 billion). As in Switzerland, no further proceedings relating to the historical conduct of the cross border business for US clients covered by these settlements will be initiated concerning licenses of Credit Suisse either in the US or in the UK. | AO28: https://www.finma.ch/en/news/2014/05/mm-cs-20140520/ | AP28: n/a | AR28: n/a | AT28: no | AX28: n/a | AY28: yes | AZ28: yes
B29: BNP Paribas (Suisse) ASA | C29: yes | D29: Legal entity | E29: Bank | R29: 1 | X29: =SUM(F29:W29) -> 1 | Z29: 41821 | AA29: =Z29-AD29 -> 1 | AB29: n/a | AC29: n/a | AD29: 41820 | AE29: 2014-08 | AF29: yes | AG29: Controls and organisation (including inadquate risk management) | AI29: Capital charge | AJ29: Business restrictions | AN29: Inadequate risk management of US sanctions: FINMA closes proceedings against BNP Paribas (Suisse) The Swiss Financial Market Supervisory Authority FINMA conducted enforcement proceedings against BNP Paribas (Suisse) SA. The proceedings focused on the bank's compliance with US sanctions, especially those issued against Sudan. FINMA has concluded that in particular between 2002 and 2007 the bank persistently and seriously violated its duty to identify, limit and monitor the inherent risks, subsequently breaching supervisory provisions. FINMA has ordered additional capital requirements for operational risks and banned the bank from conducting business with companies and persons subject to EU and US sanctions. | AO29: https://www.finma.ch/en/news/2014/06/mm-abschluss-verfahren-bnp-paribas-suisse-20140701/ | AP29: n/a | AR29: n/a | AT29: no | AX29: n/a | AY29: yes | AZ29: yes | BA29: Manipuation of price of own shares
B30: KPT Board members | C30: no | D30: Individual(s) | E30: Board members of insurer | R30: 1 | X30: =SUM(F30:W30) -> 1 | Z30: 41838 | AA30: =Z30-AD30 -> 11 | AB30: 40919 | AC30: n/a | AD30: 41827 | AE30: 2014-11 | AF30: no | AG30: Fitness and properness | AI30: Discontinuation of proceedings | AN30: Proceedings concluded against two former members of the KPT Board of Directors The Swiss Financial Market Supervisory Authority FINMA has taken note of an agreement between KPT Versicherungen AG (KPT) and two former members of the KPT Board of Directors. KPT's claims under supervisory law have been settled. Taking into account the repayments and settlements that have been made, FINMA has concluded the proceedings which had earlier been overruled by the Federal Administrative Court. FINMA has imposed the costs of the proceedings upon the relevant parties. | AO30: https://www.finma.ch/en/news/2014/07/verfahrensabschlussgegenzweiehemaligeverwaltungsratsmitgliederderkpt/ | AP30: n/a | AR30: n/a | AT30: no | BA30: Manipuation of price of own shares
B31: Banque Privée Espirito Santo SA | C31: yes | D31: Legal entity | E31: Bank | R31: 1 | X31: =SUM(F31:W31) -> 1 | Z31: 41901 | AA31: =Z31-AD31 -> 2 | AB31: 41885 | AC31: n/a | AD31: 41899 | AE31: 2014-56 | AF31: no | AG31: Bankruptcy | AI31: Bankruptcy | AN31: FINMA initiates bankruptcy proceedings against Espirito Santo On 19 September 2014, the Swiss Financial Market Supervisory Authority FINMA initiated bankruptcy proceedings against Banque Privée Espírito Santo SA. FINMA found that the bank, which has been in voluntary liquidation since July 2014, was over-indebted. According to current estimates, the bank is in a position to rapidly and fully reimburse privileged deposits to its clients. | AO31: https://www.finma.ch/en/news/2014/09/mm-finma-eroeffnet-konkurs-gegen-espirito-santo-20140919/ | AP31: FINMA initiates proceedings against Espirito Santo The Swiss Financial Market Supervisory Authority FINMA initiated enforcement proceedings against Banque Privée Espírito Santo SA at the end of August 2014. The focus of the investigation is the distribution of securities and financial products of the Espirito Santo Group. | AQ31: https://www.finma.ch/en/news/2014/09/finmaer%C3%B6ffnetverfahrengegenespiritosanto/ | AR31: n/a | AT31: no | AX31: n/a | AY31: yes | AZ31: no | BA31: Announccement of enforcement against 11 individuals (see case FINMA media release of 17.12.2015
B32: Bank Coop | C32: yes | D32: Legal entity | E32: Individual(s) working for bank | R32: 1 | X32: =SUM(F32:W32) -> 1 | Z32: 41941 | AA32: =Z32-AD32 -> 5 | AB32: n/a | AC32: n/a | AD32: 41936 | AE32: 2014-27 | AF32: no | AG32: Market Abuse | AI32: Business restrictions | AN32: FINMA reprimands Coop Bank for market manipulation From 2009 to 2013, the Coop Bank manipulated the market price of its own bearer shares. Its actions constituted a serious violation of supervisory provisions on market manipulation and an infringement of its organisational and business conduct requirements. This conclusion has resulted from the enforcement proceedings conducted by the Swiss Financial Supervisory Authority FINMA. The supervisory authority has imposed special conditions on the Coop Bank and issued the former CEO with an order prohibiting him from acting in a management capacity at any supervised institution. FINMA recognises the measures that have since been taken by the bank. | AO32: https://www.finma.ch/en/news/2014/10/mm-bank-coop-20141029/ | AP32: n/a | AR32: n/a | AT32: no | AX32: n/a | AY32: no | AZ32: no
B33: Senior Manager Bank Coop | C33: no | D33: Individual(s) | E33: Individual(s) working for bank | R33: 1 | X33: =SUM(F33:W33) -> 1 | Z33: 41941 | AA33: =Z33-AD33 -> 5 | AB33: n/a | AC33: n/a | AD33: 41936 | AE33: 2014-28 | AF33: no | AG33: Market Abuse | AI33: Industry ban | AN33: FINMA reprimands Coop Bank for market manipulation From 2009 to 2013, the Coop Bank manipulated the market price of its own bearer shares. Its actions constituted a serious violation of supervisory provisions on market manipulation and an infringement of its organisational and business conduct requirements. This conclusion has resulted from the enforcement proceedings conducted by the Swiss Financial Supervisory Authority FINMA. The supervisory authority has imposed special conditions on the Coop Bank and issued the former CEO with an order prohibiting him from acting in a management capacity at any supervised institution. FINMA recognises the measures that have since been taken by the bank. | AO33: https://www.finma.ch/en/news/2014/10/mm-bank-coop-20141029/ | AP33: n/a | AR33: n/a | AT33: no | AX33: n/a | AY33: no | AZ33: no | BA33: FINMA publishes Q&A for clients
B34: UBS | C34: yes | D34: Legal entity | E34: Bank | R34: 1 | X34: =SUM(F34:W34) -> 1 | Z34: 41955 | AA34: =Z34-AD34 -> 5 | AB34: n/a | AC34: n/a | AD34: 41950 | AE34: 2014-29 | AF34: yes | AG34: Market Abuse | AI34: Disgorgement of profits | AJ34: Bonus limitation | AK34: Correctif organisational measures | AN34: FINMA sanctions foreign exchange manipulation at UBS The Swiss Financial Market Supervisory Authority FINMA has concluded enforcement proceedings against UBS AG (UBS) regarding foreign exchange trading conducted in Switzerland. FINMA found that over an extended period of time the bank's employees in Zurich at least attempted to manipulate foreign exchange benchmarks. In addition, employees acted against the interests of their clients. Risk management, controls and compliance in foreign exchange trading were insufficient. By breaching control requirements and owing to the misconduct of its employees, UBS severely violated the requirements for proper business conduct. Alongside the imposition of other corrective measures, FINMA has ordered UBS to disgorge a total of CHF 134m. It has also initiated enforcement proceedings against eleven persons involved in the case. | AO34: https://www.finma.ch/en/news/2014/11/mm-ubs-devisenhandel-20141112/ | AP34: n/a | AR34: n/a | AT34: no | AX34: n/a | AY34: yes | AZ34: yes | BA34: US client tax
B35: Zenith Vie SA | C35: yes | D35: Legal entity | E35: Insurer (life) | R35: 1 | X35: =SUM(F35:W35) -> 1 | Z35: 41988 | AA35: =Z35-AD35 -> 10 | AB35: n/a | AC35: n/a | AD35: 41978 | AE35: 2014-58 | AF35: yes | AG35: Bankruptcy | AI35: Bankruptcy | AJ35: Client portfolio transfer | AN35: Life insurer Zenith Life SA: FINMA orders portfolio transfer and initiates bankruptcy proceedings | AO35: https://www.finma.ch/en/news/2014/12/mm-zenith-20141215/ | AP35: n/a | AR35: n/a | AT35: yes | AU35: B-401/2015 | AV35: 42234 | AW35: no | AX35: n/a | AY35: no | AZ35: no | BA35: Health insurance, FINMA publishes Q&A for clients
B36: BSI | C36: yes | D36: Legal entity | E36: Bank | Q36: 1 | X36: =SUM(F36:W36) -> 1 | Z36: 42093 | AA36: =Z36-AD36 -> 56 | AB36: n/a | AC36: n/a | AD36: 42037 | AE36: 2015-01 | AF36: no | AG36: Controls and organisation (including inadquate risk management) | AI36: Reprimand | AN36: US client cross-border business: FINMA concludes proceedings against BSI SA As part of the program launched by the U.S. Department of Justice to settle the tax dispute between Swiss banks and the US, BSI SA is the first bank to announce today its conclusion of a non-prosecution agreement (NPA). In connection with the U.S. client cross-border business conducted by BSI SA, the Swiss Financial Market Supervisory Authority FINMA had initiated enforcement proceedings against the bank. FINMA concluded that the bank breached its obligations to identify, limit and monitor the risks involved in the US client business. | AO36: https://www.finma.ch/en/news/2015/03/mm-bsi-20150330/ | AP36: n/a | AR36: n/a | AT36: no | AX36: n/a | AY36: yes | AZ36: yes | BA36: Fx manipulation
B37: Groupe Mutuel | C37: yes | D37: Legal entity | E37: Insurer (health) | Q37: 1 | X37: =SUM(F37:W37) -> 1 | Z37: 42187 | AA37: =Z37-AD37 -> 6 | AB37: 41844 | AC37: n/a | AD37: 42181 | AE37: 2015-08 | AF37: no | AG37: Prudential Rules | AI37: Reimbursement to damaged parties | AJ37: Business restrictions | AK37: Bonus restricxtions | AN37: FINMA proceedings concluded: Groupe Mutuel in serious breach of supervisory law The Swiss Financial Market Supervisory Authority FINMA has concluded its enforcement proceedings against Groupe Mutuel. The wide-ranging investigation found that group companies active in the supplementary health insurance business had inadequate corporate governance standards and did not comply with the legal requirements for binding business plans. Groupe Mutuel was therefore in serious breach of supervisory law. Having already ordered Groupe Mutuel to correct unlawfully levied premiums and to make changes to the composition of its board in 2014, FINMA has now imposed an 18-month acquisition ban on the Group. FINMA acknowledges that the Group’s new management has already taken a number of measures. Throughout the enforcement proceedings, Groupe Mutuel displayed cooperation. | AO37: https://www.finma.ch/en/news/2015/07/mm-groupe-mutuel-2015-07-02/ | AP37: FINMA requires Groupe Mutuel to reimburse premiums The Swiss Financial Market Supervisory Authority FINMA has found that Groupe Mutuel used unauthorised premiums in the supplementary health insurance business. Multiple insurance contracts that employees had concluded with Groupe Mutuel via general agreements with their employers are affected. The ensuing premiums had either been overpriced or underpriced by Groupe Mutuel. FINMA subsequently requires immediate correction of the premiums and is currently conducting enforcement proceedings to investigate the matter. | AQ37: https://www.finma.ch/de/news/2014/07/finmaverlangtprämienrückzahlungenbeigroupemutuel/ | AR37: n/a | AT37: yes | AU37: B-5264/2015 | AV37: 42674 | AW37: B-5264/2015 | AX37: 42674 | AY37: no | AZ37: no | BA37: Fx manipulation
B38: Bank Hottinger | C38: yes | D38: Legal entity | E38: Bank | Q38: 1 | X38: =SUM(F38:W38) -> 1 | Z38: 42303 | AA38: no info | AB38: n/a | AC38: n/a | AD38: no info | AE38: no ID | AF38: no | AG38: Bankruptcy | AI38: Bankruptcy | AN38: FINMA initiates bankruptcy proceedings against Bank Hottinger The Swiss Financial Market Supervisory Authority FINMA initiated bankruptcy proceedings against Bank Hottinger & Cie Ltd on 26 October 2015. FINMA was obliged to take this measure as the bank is at risk of becoming overly indebted. The option of restructuring was thoroughly reviewed but ultimately proved unattainable. Current calculations indicate that privileged deposits can be fully refunded from the bank's available assets. | AO38: https://www.finma.ch/en/news/2015/10/20151016-mm-hottinger/ | AP38: n/a | AR38: n/a | AX38: n/a | AY38: no | AZ38: no | BA38: Fx manipulation
B39: UBS Fx dealer | C39: no | D39: Individual(s) | E39: Individual(s) working for bank | Q39: 1 | X39: =SUM(F39:W39) -> 1 | Z39: 42355 | AA39: =Z39-AD39 -> 6 | AB39: 41955 | AC39: n/a | AD39: 42349 | AE39: 2015-18 | AF39: no | AG39: Market Abuse | AI39: Industry ban | AN39: Foreign exchange manipulation: FINMA issues six industry bans The Swiss Financial Market Supervisory Authority FINMA has issued industry bans of between one and five years against six managers and traders formally employed in the UBS foreign exchange and precious metals business. FINMA concluded that the individuals in question were directly responsible for the serious breaches of regulation at UBS in this business, as communicated in 2014. Four other enforcement proceedings against UBS traders were discontinued in August 2015. | AO39: https://www.finma.ch/de/news/2015/12/20151217-mm-devisenhandel/ | AP39: FINMA sanctions foreign exchange manipulation at UBS The Swiss Financial Market Supervisory Authority FINMA has concluded enforcement proceedings against UBS AG (UBS) regarding foreign exchange trading conducted in Switzerland. FINMA found that over an extended period of time the bank's employees in Zurich at least attempted to manipulate foreign exchange benchmarks. In addition, employees acted against the interests of their clients. Risk management, controls and compliance in foreign exchange trading were insufficient. By breaching control requirements and owing to the misconduct of its employees, UBS severely violated the requirements for proper business conduct. Alongside the imposition of other corrective measures, FINMA has ordered UBS to disgorge a total of CHF 134m. It has also initiated enforcement proceedings against eleven persons involved in the case. | AR39: n/a | AT39: yes | AU39: B-688/2016 | AV39: 43262 | AW39: B-688/2016 | AX39: 43262 | AY39: yes | AZ39: no | BA39: Fx manipulation
B40: UBS Fx dealers | C40: no | D40: Individual(s) | E40: Individual(s) working for bank | Q40: 1 | X40: =SUM(F40:W40) -> 1 | Z40: 42355 | AA40: =Z40-AD40 -> 6 | AB40: 41955 | AC40: n/a | AD40: 42349 | AE40: 2015-19 | AF40: no | AG40: Market Abuse | AI40: Industry ban | AN40: Foreign exchange manipulation: FINMA issues six industry bans The Swiss Financial Market Supervisory Authority FINMA has issued industry bans of between one and five years against six managers and traders formally employed in the UBS foreign exchange and precious metals business. FINMA concluded that the individuals in question were directly responsible for the serious breaches of regulation at UBS in this business, as communicated in 2014. Four other enforcement proceedings against UBS traders were discontinued in August 2015. | AO40: https://www.finma.ch/de/news/2015/12/20151217-mm-devisenhandel/ | AP40: FINMA sanctions foreign exchange manipulation at UBS The Swiss Financial Market Supervisory Authority FINMA has concluded enforcement proceedings against UBS AG (UBS) regarding foreign exchange trading conducted in Switzerland. FINMA found that over an extended period of time the bank's employees in Zurich at least attempted to manipulate foreign exchange benchmarks. In addition, employees acted against the interests of their clients. Risk management, controls and compliance in foreign exchange trading were insufficient. By breaching control requirements and owing to the misconduct of its employees, UBS severely violated the requirements for proper business conduct. Alongside the imposition of other corrective measures, FINMA has ordered UBS to disgorge a total of CHF 134m. It has also initiated enforcement proceedings against eleven persons involved in the case. | AR40: n/a | AT40: yes | AU40: B-635/2016 | AV40: 43262 | AW40: B-635/2016 | AX40: 43262 | AY40: yes | AZ40: no
B41: UBS Fx dealers | C41: no | D41: Individual(s) | E41: Individual(s) working for bank | Q41: 1 | X41: =SUM(F41:W41) -> 1 | Z41: 42355 | AA41: =Z41-AD41 -> 6 | AB41: 41955 | AC41: n/a | AD41: 42349 | AE41: 2015-20 | AF41: no | AG41: Market Abuse | AI41: Industry ban | AN41: Foreign exchange manipulation: FINMA issues six industry bans The Swiss Financial Market Supervisory Authority FINMA has issued industry bans of between one and five years against six managers and traders formally employed in the UBS foreign exchange and precious metals business. FINMA concluded that the individuals in question were directly responsible for the serious breaches of regulation at UBS in this business, as communicated in 2014. Four other enforcement proceedings against UBS traders were discontinued in August 2015. | AO41: https://www.finma.ch/de/news/2015/12/20151217-mm-devisenhandel/ | AP41: FINMA sanctions foreign exchange manipulation at UBS The Swiss Financial Market Supervisory Authority FINMA has concluded enforcement proceedings against UBS AG (UBS) regarding foreign exchange trading conducted in Switzerland. FINMA found that over an extended period of time the bank's employees in Zurich at least attempted to manipulate foreign exchange benchmarks. In addition, employees acted against the interests of their clients. Risk management, controls and compliance in foreign exchange trading were insufficient. By breaching control requirements and owing to the misconduct of its employees, UBS severely violated the requirements for proper business conduct. Alongside the imposition of other corrective measures, FINMA has ordered UBS to disgorge a total of CHF 134m. It has also initiated enforcement proceedings against eleven persons involved in the case. | AR41: n/a | AT41: yes | AU41: B-686/2016 | AV41: 43262 | AW41: B-686/2016 | AX41: 43262 | AY41: yes | AZ41: no
B42: UBS Fx dealers | C42: no | D42: Individual(s) | E42: Individual(s) working for bank | Q42: 1 | X42: =SUM(F42:W42) -> 1 | Z42: 42355 | AA42: =Z42-AD42 -> 6 | AB42: 41955 | AC42: n/a | AD42: 42349 | AE42: 2015-21 | AF42: no | AG42: Market Abuse | AI42: Industry ban | AN42: Foreign exchange manipulation: FINMA issues six industry bans The Swiss Financial Market Supervisory Authority FINMA has issued industry bans of between one and five years against six managers and traders formally employed in the UBS foreign exchange and precious metals business. FINMA concluded that the individuals in question were directly responsible for the serious breaches of regulation at UBS in this business, as communicated in 2014. Four other enforcement proceedings against UBS traders were discontinued in August 2015. | AO42: https://www.finma.ch/de/news/2015/12/20151217-mm-devisenhandel/ | AP42: FINMA sanctions foreign exchange manipulation at UBS The Swiss Financial Market Supervisory Authority FINMA has concluded enforcement proceedings against UBS AG (UBS) regarding foreign exchange trading conducted in Switzerland. FINMA found that over an extended period of time the bank's employees in Zurich at least attempted to manipulate foreign exchange benchmarks. In addition, employees acted against the interests of their clients. Risk management, controls and compliance in foreign exchange trading were insufficient. By breaching control requirements and owing to the misconduct of its employees, UBS severely violated the requirements for proper business conduct. Alongside the imposition of other corrective measures, FINMA has ordered UBS to disgorge a total of CHF 134m. It has also initiated enforcement proceedings against eleven persons involved in the case. | AR42: n/a | AT42: yes | AU42: B-685/2016 und BVGer B-626/2016 | AV42: 43262 | AW42: B-685/2016 und BVGer B-626/2016 | AX42: 43262 | AY42: yes | AZ42: no
B43: Bank Julius Baer & Co AG | C43: yes | D43: Legal entity | E43: Bank | P43: 0 | U43: 1 | X43: =SUM(F43:W43) -> 1 | Z43: 42405 | AA43: =Z43-AD43 -> 1540 | AB43: n/a | AC43: n/a | AD43: 40865 | AE43: 2011-36 | AF43: no | AG43: Controls and organisation (including inadquate risk management) | AI43: Correctif organisational measures | AN43: Cross-border business with US clients: FINMA announces conclusion of proceedings against Bank Julius Baer Between 2010 and 2011, the Swiss Financial Market Supervisory Authority FINMA conducted enforcement proceedings against Bank Julius Baer & Co. Ltd. in relation to the bank's cross-border financial services business with US private clients. FINMA found that the bank was in breach of its obligations to record, limit and monitor the risks associated with US clients. As a result, FINMA prescribed a number of measures to restore compliance with the law, which the bank has since put into place. FINMA is today releasing information about the conclusion of these proceedings at the same time as the US authorities. This is normal practice in the case of proceedings which relate to the US tax dispute. | AO43: https://www.finma.ch/en/news/2016/02/20160205-mm-bjb/ | AP43: n/a | AR43: n/a | AT43: no | AY43: yes | AZ43: yes | BA43: 1 MDB related case
B44: BSI | C44: yes | D44: Legal entity | E44: Bank | P44: 1 | X44: =SUM(F44:W44) -> 1 | Z44: 42514 | AA44: =Z44-AD44 -> 1 | AB44: n/a | AC44: n/a | AD44: 42513 | AE44: 2016-05 | AF44: no | AG44: AML | AI44: Disgorgement of profits | AJ44: Liquidation | AN44: BSI in serious breach of money laundering regulations Through business relationships and transactions linked to the corruption scandals surrounding the Malaysian sovereign wealth fund 1MDB, BSI AG committed serious breaches of money laundering regulations and “fit and proper” requirements. This is the outcome of enforcement proceedings launched by the Swiss Financial Market Supervisory Authority FINMA. In the case of 1MDB, the bank executed numerous large transactions with unclear purpose over a period of several years and, despite clearly suspicious indications, did not clarify the background to these transactions. Among other measures, FINMA has ordered the disgorgement of profits amounting to CHF 95 million. FINMA has also launched enforcement proceedings against two of the bank's former top managers. At the same time, FINMA announces its approval of the takeover of BSI by EFG International with the condition that BSI will be integrated and thereafter dissolved. This takeover is a positive development providing clients and employees with a perspective for the future. | AO44: https://www.finma.ch/en/news/2016/05/20160524-mm-bsi/ | AP44: n/a | AR44: n/a | AT44: yes | AU44: B-3930/2016 | AV44: 25.11.2019 | AW44: no | AX44: n/a | AY44: yes | AZ44: yes | BA44: Insider case
B45: Falcon Private Bank | C45: yes | D45: Legal entity | E45: Bank | P45: 1 | X45: =SUM(F45:W45) -> 1 | Z45: 42654 | AA45: =Z45-AD45 -> 4 | AB45: n/a | AC45: n/a | AD45: 42650 | AE45: 2016-13 | AF45: no | AG45: AML | AI45: Disgorgement of profits | AJ45: Business restrictions | AK45: Warning | AL45: Correctif organisational measures | AN45: Falcon sanctioned for 1MDB breaches Falcon Private Bank Ltd. has seriously breached money laundering regulations by failing to carry out adequate background checks into transactions and business relationships associated with Malaysian sovereign wealth fund 1MDB which were booked in Switzerland, Singapore and Hong Kong. The Swiss Financial Market Supervisory Authority FINMA has ordered the disgorgement of illegally generated profits amounting to CHF 2.5 million and banned the bank from entering into business relationships with foreign politically exposed persons for a period of three years. Furthermore, the bank would have its licence withdrawn in the event of a further breach. FINMA has launched enforcement proceedings against two of the bank's former executives. | AO45: https://www.finma.ch/en/news/2016/10/20161011-mm-falcon/ | AP45: n/a | AR45: n/a | AT45: yes | AU45: B-6952/2016 | AV45: 43193 | AW45: 2C_422/2018 | AX45: 43544 | AY45: yes | AZ45: yes | BA45: Insider case
B46: Coutts | C46: yes | D46: Legal entity | E46: Bank | O46: 1 | X46: =SUM(F46:W46) -> 1 | Z46: 42768 | AA46: =Z46-AD46 -> 12 | AB46: n/a | AC46: n/a | AD46: 42756 | AE46: 2017-02 | AF46: no | AG46: AML | AI46: Disgorgement of profits | AN46: FINMA sanctions Coutts for 1MDB breaches Coutts & Co Ltd has seriously breached money laundering regulations by failing to carry out adequate background checks into business relationships and transactions associated with Malaysian sovereign wealth fund 1MDB. The Swiss Financial Market Supervisory Authority FINMA has ordered the bank to disgorge unlawfully generated profits of CHF 6.5 million. FINMA will also consider opening enforcement proceedings against the bank employees responsible. | AO46: https://www.finma.ch/en/news/2017/02/20170202-mm-coutts/ | AP46: n/a | AR46: n/a | AT46: no | AU46: n/a | AV46: n/a | AW46: n/a | AX46: n/a | AY46: yes | AZ46: no | BA46: Insider case
B47: "Securities trading company" | C47: no | D47: Legal entity | E47: (Unauthorised) securities dealer | O47: 1 | X47: =SUM(F47:W47) -> 1 | Z47: 42909 | AA47: =Z47-AD47 -> 3 | AB47: n/a | AC47: n/a | AD47: 42906 | AE47: 2017-12 | AF47: no | AG47: Market Abuse | AI47: Reprimand | AJ47: Disgorgement of profit | AN47: FINMA imposes sanctions for insider trading and market manipulation The Swiss Financial Market Supervisory Authority FINMA has concluded enforcement proceedings in two separate cases of market abuse. In the first case it found that a former board member of a number of Swiss industrial concerns had engaged in insider trading. In the second, a securities trading company and three of its traders were found to have been manipulating the market. FINMA has ordered the disgorgement of some million Swiss francs in unlawfully generated profits in both cases and imposed lengthy activity and industry bans on the traders. | AO47: https://www.finma.ch/en/news/2017/06/20170623-mm-marktverhalten/ | AP47: n/a | AR47: n/a | AT47: yes | AU47: B-4762/2017 | AV47: 43888 | AW47: 2C_317/2020 | AX47: 44111 | AY47: no | AZ47: no | BA47: Insider case
B48: Sole shareholder and Chairmain of the Board and Head Trading of "Securities trading company" | C48: no | D48: Individual(s) | E48: Individual(s) working for (unauthorised) securities dealer | O48: 1 | X48: =SUM(F48:W48) -> 1 | Z48: 42909 | AA48: =Z48-AD48 -> 3 | AB48: n/a | AC48: n/a | AD48: 42906 | AE48: 2017-13 | AF48: no | AG48: Market Abuse | AI48: Industry ban | AJ48: Disgorgement of profit | AN48: FINMA imposes sanctions for insider trading and market manipulation The Swiss Financial Market Supervisory Authority FINMA has concluded enforcement proceedings in two separate cases of market abuse. In the first case it found that a former board member of a number of Swiss industrial concerns had engaged in insider trading. In the second, a securities trading company and three of its traders were found to have been manipulating the market. FINMA has ordered the disgorgement of some million Swiss francs in unlawfully generated profits in both cases and imposed lengthy activity and industry bans on the traders. | AO48: https://www.finma.ch/en/news/2017/06/20170623-mm-marktverhalten/ | AP48: n/a | AR48: n/a | AT48: yes | AU48: B-4757/2017 | AV48: 43888 | AW48: 2C_315/2020 | AX48: 44111 | AY48: no | AZ48: no | BA48: Insider case
B49: Trader and Managing Director and Member of the Executive Board of "Securities trading company" | C49: no | D49: Individual(s) | E49: Individual(s) working for (unauthorised) securities dealer | O49: 1 | X49: =SUM(F49:W49) -> 1 | Z49: 42909 | AA49: =Z49-AD49 -> 3 | AB49: n/a | AC49: n/a | AD49: 42906 | AE49: 2017-14 | AF49: no | AG49: Market Abuse | AI49: Industry ban | AN49: FINMA imposes sanctions for insider trading and market manipulation The Swiss Financial Market Supervisory Authority FINMA has concluded enforcement proceedings in two separate cases of market abuse. In the first case it found that a former board member of a number of Swiss industrial concerns had engaged in insider trading. In the second, a securities trading company and three of its traders were found to have been manipulating the market. FINMA has ordered the disgorgement of some million Swiss francs in unlawfully generated profits in both cases and imposed lengthy activity and industry bans on the traders. | AO49: https://www.finma.ch/en/news/2017/06/20170623-mm-marktverhalten/ | AP49: n/a | AR49: n/a | AT49: yes | AU49: B-4672/2017 | AV49: 43888 | AW49: no | AX49: n/a | AY49: no | AZ49: no | BA49: Providers of fake crypto currency "E-coin"
B50: Trader of "Securities trading company" | C50: no | D50: Individual(s) | E50: Individual(s) working for (unauthorised) securities dealer | O50: 1 | X50: =SUM(F50:W50) -> 1 | Z50: 42909 | AA50: =Z50-AD50 -> 3 | AB50: n/a | AC50: n/a | AD50: 42906 | AE50: 2017-15 | AF50: no | AG50: Market Abuse | AI50: Industry ban | AN50: FINMA imposes sanctions for insider trading and market manipulation The Swiss Financial Market Supervisory Authority FINMA has concluded enforcement proceedings in two separate cases of market abuse. In the first case it found that a former board member of a number of Swiss industrial concerns had engaged in insider trading. In the second, a securities trading company and three of its traders were found to have been manipulating the market. FINMA has ordered the disgorgement of some million Swiss francs in unlawfully generated profits in both cases and imposed lengthy activity and industry bans on the traders. | AO50: https://www.finma.ch/en/news/2017/06/20170623-mm-marktverhalten/ | AP50: n/a | AR50: n/a | AT50: yes | AU50: B-4730/2017 | AV50: 43082 | AW50: no | AX50: n/a | AY50: no | AZ50: no | BA50: 1MDB related case, appeal against information on enforcement (not substance of ruling)
B51: "former board member of a number of Swiss industrial concerns" | C51: no | D51: Individual(s) | E51: Investor(s) in listed company | O51: 1 | X51: =SUM(F51:W51) -> 1 | Z51: 42909 | AA51: =Z51-AD51 -> 3 | AB51: n/a | AC51: n/a | AD51: 42906 | AE51: 2017-16 | AF51: no | AG51: Market Abuse | AI51: Reprimand | AJ51: Disgorgement of profit | AN51: FINMA imposes sanctions for insider trading and market manipulation The Swiss Financial Market Supervisory Authority FINMA has concluded enforcement proceedings in two separate cases of market abuse. In the first case it found that a former board member of a number of Swiss industrial concerns had engaged in insider trading. In the second, a securities trading company and three of its traders were found to have been manipulating the market. FINMA has ordered the disgorgement of some million Swiss francs in unlawfully generated profits in both cases and imposed lengthy activity and industry bans on the traders. | AO51: https://www.finma.ch/en/news/2017/06/20170623-mm-marktverhalten/ | AP51: n/a | AR51: n/a | AT51: yes | AU51: B-4763/2017 | AV51: 43280 | AW51: no | AX51: n/a | AY51: no | AZ51: no | BA51: Case linked ot corruption in Russia, triggered bv Panama Papers
B52: QUID PRO QUO Association, DIGITAL TRADING AG and Marcelco Group AG and 4 individuals working for QUID PRO QUO | C52: yes | D52: Legal entities | E52: (Unauthorized) bank | O52: 1 | X52: =SUM(F52:W52) -> 1 | Z52: 42997 | AA52: =Z52-AD52 -> 11 | AB52: n/a | AC52: n/a | AD52: 42986 | AE52: 2017-29 | AF52: no | AG52: Unauthorized activity | AI52: Reprimand | AJ52: Liquidation | AK52: Bankruptcy | AN52: FINMA closes down coin providers and issues warning about fake cryptocurrencies The Financial Market Supervisory Authority FINMA has closed down the unauthorised providers of the fake cryptocurrency "E-Coin". The developers of E-Coin had accepted some million Swiss francs in public deposits without holding the required banking licence. FINMA has also launched bankruptcy proceedings against the legal entities involved. | AO52: https://www.finma.ch/en/news/2017/09/20170919-mm-coin-anbieter/ | AP52: n/a | AR52: n/a | AT52: yes | AU52: B-5769/2017 B-6413/2017 B-5780/2017 | AV52: 21.01.2019 11.12.2017 | AW52: no | AX52: n/a | AY52: no | AZ52: no
B53: J.P. Morgan, Switzerland | C53: yes | D53: Legal entity | E53: Bank | O53: 1 | X53: =SUM(F53:W53) -> 1 | Z53: 43090 | AA53: =Z53-AD53 -> 174 | AB53: n/a | AC53: n/a | AD53: 42916 | AE53: 2017-06 | AF53: no | AG53: AML | AI53: Reprimand | AJ53: Audit-monitor | AN53: Update on 1MDB proceedings against J.P. Morgan At the end of June 2017, the Swiss Financial Market Supervisory Authority FINMA concluded enforcement proceedings against J.P. Morgan (Switzerland) Ltd. The bank seriously breached anti-money laundering regulations by failing to screen adequately transactions and business relationships booked in Switzerland associated with the Malaysian sovereign wealth fund 1MDB and one of its business partners. | AO53: https://www.finma.ch/en/news/2017/12/20171221-mm-jpm/ | AP53: n/a | AR53: n/a | AT53: yes | AU53: B-3768/2017 | AV53: 43047 | AW53: no | AX53: n/a | AY53: yes | AZ53: no | BA53: linked to Petrobras and Odebrecht
B54: PKB Privatbank SA | C54: yes | D54: Legal entity | E54: Bank | N54: 1 | X54: =SUM(F54:W54) -> 1 | Z54: 43132 | AA54: =Z54-AD54 -> 15 | AB54: n/a | AC54: n/a | AD54: 43117 | AE54: 2018-01 | AF54: no | AG54: AML | AI54: Reprimand | AJ54: Disgorgement of profit | AN54: Money laundering prevention: FINMA concludes proceedings against PKB Enforcement proceedings launched by the Swiss Financial Market Supervisory Authority FINMA have found that PKB Privatbank SA Lugano committed serious breaches of money laundering regulations by failing to carry out adequate background checks into business relationships and transactions linked with the corruption scandal involving Brazilian oil company Petrobras and Brazilian construction group Odebrecht. FINMA has ordered the disgorgement of CHF 1.3 million in unlawfully generated profits and will appoint an external auditor to supervise the measures taken. | AO54: https://www.finma.ch/en/documentation/enforcement-reporting/kasuistik/2018-01/ | AP54: n/a | AR54: n/a | AT54: no | AY54: no | AZ54: no | BA54: linked to Petrobras and Odebrecht
B55: Gazprombank Switzerland | C55: yes | D55: Legal entity | E55: Bank | N55: 1 | X55: =SUM(F55:W55) -> 1 | Z55: 43132 | AA55: =Z55-AD55 -> 6 | AB55: n/a | AC55: n/a | AD55: 43126 | AE55: 2018-03 | AF55: no | AG55: AML | AI55: Reprimand | AJ55: Correctif organisational measures | AK55: Audit-monitor | AN55: FINMA concludes Panama Papers proceedings against Gazprombank Switzerland The Swiss Financial Market Supervisory Authority FINMA has identified serious shortcomings in anti-money laundering processes regarding private clients at Gazprombank (Switzerland) Ltd. The bank failed to carry out adequate economic background clarifications into business relationships and transactions with increased money laundering risks. FINMA has banned Gazprombank from accepting new private clients until further notice. | AO55: https://www.finma.ch/en/news/2018/02/20180201-mm-gazprombank-schweiz/ | AP55: n/a | AR55: n/a | AT55: no | AY55: no | AZ55: no | BA55: Geneva fraud case, information by FINMA of this case together with case 2010-10
B56: Raiffeisen Schweiz | C56: yes | D56: Legal entity | E56: Bank | N56: 1 | X56: =SUM(F56:W56) -> 1 | Z56: 43265 | AA56: =Z56-AD56 -> 2 | AB56: n/a | AC56: n/a | AD56: 43263 | AE56: 2018-06 | AF56: no | AG56: Governance | AI56: Reprimand | AJ56: Correctif organisational measures | AK56: Audit-monitor | AN56: Raiffeisen: major corporate governance failings The Swiss Financial Market Supervisory Authority FINMA has concluded its enforcement proceedings against Raiffeisen Switzerland in relation to corporate governance issues. FINMA has found that the bank’s handling of conflicts of interest was inadequate. In addition, Raiffeisen's board of directors failed to adequately supervise its former CEO, thereby enabling him, at least potentially, to generate personal financial gain at the bank’s expense. Overall, FINMA finds that there was a serious breach of supervisory law. FINMA has specified measures to improve corporate governance and welcomes the measures already taken by the bank. FINMA will appoint an independent audit agent to monitor the implementation and effectiveness of the measures. | AO56: https://www.finma.ch/en/news/2018/06/20180614-mm-raiffeisen/ | AP56: n/a | AR56: n/a | AT56: no | AY56: no | AZ56: no | BA56: FIFA, Petrobras, PDVSA case, information by FINMA of this case together with case 2010-11
B57: Rothschild Bank AG | C57: yes | D57: Legal entity | E57: Bank | N57: 1 | X57: =SUM(F57:W57) -> 1 | Z57: 43301 | AA57: =Z57-AD57 -> 7 | AB57: n/a | AC57: n/a | AD57: 43294 | AE57: 2018-08 | AF57: no | AG57: AML | AI57: Reprimand | AJ57: Audit-monitor | AN57: FINMA concludes final 1MDB proceedings Rothschild Bank AG and one of its subsidiaries have been found to be in serious breach of money laundering rules in the context of 1MDB. Specifically, they were in breach of due diligence, reporting and documentation requirements. FINMA will appoint an audit agent to review enhancements already put in place by the institutions. This concludes the last of seven enforcement proceedings launched by FINMA in relation to 1MDB. | AO57: https://www.finma.ch/en/news/2018/07/20180720-mm-rothschild/ | AP57: n/a | AR57: n/a | AT57: no | AY57: yes | AZ57: no
B58: Jungfraubahn Holding AG | C58: yes | D58: Legal entity | E58: Publicly listed but not supervised company | N58: 1 | X58: =SUM(F58:W58) -> 1 | Z58: 43356 | AA58: =Z58-AD58 -> 13 | AB58: n/a | AC58: n/a | AD58: 43343 | AE58: 2018-20 | AF58: no | AG58: Market Abuse | AI58: Reprimand | AN58: FINMA reprimands Jungfraubahn Holding AG for improper market conduct The Swiss Financial Supervisory Market Authority FINMA has concluded its enforcement proceedings against Jungfraubahn Holding AG. It finds that the company violated market conduct rules. Between 2014 and 2016, the company improperly influenced the year-end price of its own shares on an annual basis. | AO58: https://www.finma.ch/en/news/2018/09/20180913-mm-boersenmanipulation-jungfraubahnen/ | AP58: n/a | AR58: n/a | AT58: no | AY58: no | AZ58: no
B59: Credit Suisse | C59: yes | D59: Legal entity | E59: Bank | N59: 1 | X59: =SUM(F59:W59) -> 1 | Z59: 43360 | AA59: =Z59-AD59 -> 14 | AB59: n/a | AC59: n/a | AD59: 43346 | AE59: 2018-11 | AF59: no | AG59: AML | AI59: Reprimand | AJ59: Correctif organisational measures | AK59: Audit-monitor | AN59: FINMA finds deficiencies in anti-money laundering processes at Credit Suisse - Deficiencies in the management of a significant PEP client relationship The second procedure relates to the management of a significant business relationship for the bank with a politically exposed person (PEP). FINMA initiated enforcement proceedings in 2016 and appointed an investigator to establish the facts. FINMA again identified shortcomings in compliance with anti-money laundering due diligence obligations. The bank was too slow to identify and treat the PEP client as posing increased risks. Moreover, the due diligence and corresponding documentation relating to the business relationship were incomplete. The bank failed to meet its heightened due diligence obligations regarding investigation, plausibility checks and documentation regarding the client and certain related high-risk transactions. | AO59: https://www.finma.ch/en/news/2018/09/20180917-mm-gwg-cs/ | AP59: n/a | AR59: n/a | AT59: no | AY59: yes | AZ59: no | BA59: Given the bankruptcy prodeedings against envion launched by the canton of Zug FINMA did conclude ist proceedings
B60: Credit Suisse | C60: yes | D60: Legal entity | E60: Bank | N60: 1 | X60: =SUM(F60:W60) -> 1 | Z60: 43360 | AA60: =Z60-AD60 -> 14 | AB60: n/a | AC60: n/a | AD60: 43346 | AE60: 2018-10 | AF60: no | AG60: AML | AI60: Reprimand | AJ60: Correctif organisational measures | AK60: Audit-monitor | AN60: FINMA finds deficiencies in anti-money laundering processes at Credit Suisse The Swiss Financial Market Supervisory Authority FINMA has concluded two enforcement procedures against Credit Suisse AG. In the first procedure, FINMA identified deficiencies in the bank’s adherence to anti-money laundering due diligence obligations in relation to suspected corruption involving the International Federation of Association Football FIFA, the Brazilian oil corporation Petrobras and the Venezuelan oil corporation Petróleos de Venezuela, S.A. (PDVSA). The second procedure relates to a significant business relationship for the bank with a politically exposed person (PEP). In this instance too, FINMA identified deficiencies in the anti-money laundering process, as well as shortcomings in the bank's control mechanisms and risk management. FINMA has decreed measures to further improve anti-money laundering processes and to accelerate the implementation of steps already initiated by the bank. It will commission an independent third party to monitor the implementation and effectiveness of these measures. | AO60: https://www.finma.ch/en/news/2018/09/20180917-mm-gwg-cs/ | AP60: n/a | AR60: n/a | AT60: no | AY60: yes | AZ60: no | BA60: Non disclosure of shareholidngs in Dufry AG
B61: Envion AG | C61: yes | D61: Legal entity | E61: (Unauthorized) bank | M61: 1 | X61: =SUM(F61:W61) -> 1 | Z61: 43551 | AA61: =Z61-AD61 -> 12 | AB61: 43307 | AC61: n/a | AD61: 43539 | AE61: 2019-15 | AF61: no | AG61: Unauthorized activity | AI61: Reprimand | AN61: FINMA ascertains illegal activity by envion AG The Swiss Financial Market Supervisory Authority FINMA has found that envion AG (now in liquidation) unlawfully received public deposits on a commercial basis from at least 37,000 investors. The company is currently being liquidated by the Zug bankruptcy authority. | AO61: https://www.finma.ch/en/news/2019/03/20190327---mm---envion/ | AP61: FINMA launches proceedings against ICO issuer The Swiss Financial Market Supervisory Authority FINMA has launched enforcement proceedings against envion AG. FINMA has evidence that the company may have breached financial market law in relation to an ICO. | AQ61: https://www.finma.ch/en/news/2018/07/20180726-mm-envion/ | AR61: n/a | AT61: no | AU61: B-2237/2019 | AV61: 02.03.2021 | AY61: no | AZ61: no | BA61: Case linked to FIFA and PdVSA. Serious deficiencies in the fight against money laundering, FINMA announces to consider opening proceedings against individuals
B62: HNA Group (Feng Chen, Cihang Foundation) | C62: yes | D62: Legal entity | E62: Investor(s) in listed company | M62: 1 | X62: =SUM(F62:W62) -> 1 | Z62: 43733 | AA62: =Z62-AD62 -> 1 | AB62: n/a | AC62: n/a | AD62: 43732 | AE62: 2019-21 | AF62: yes | AG62: Disclosure of qualified shareholding in listed company | AI62: Reprimand | AN62: FINMA proceedings: HNA Group commits serious breach of disclosure obligations The Swiss Financial Market Supervisory Authority FINMA finds that HNA Group repeatedly provided false reporting of the beneficial owners of the company’s former stake in Swiss-listed company Dufry AG. This constitutes a serious breach of disclosure obligations under Swiss financial market law. | AO62: https://www.finma.ch/en/news/2019/09/20190925-mm-hna/ | AP62: n/a | AR62: n/a | AT62: no | AY62: no | AZ62: no | BA62: case linked to money from Angola, breaches of anti-money laundering regulations
B63: former Bank CEO | C63: no | D63: Individual(s) | E63: Individual(s) working for bank | L63: 1 | X63: =SUM(F63:W63) -> 1 | Z63: 43854 | AA63: =Z63-AD63 -> 35 | AB63: n/a | AC63: n/a | AD63: 43819 | AE63: 2019-12 | AF63: no | AG63: Market Abuse | AI63: Industry ban | AJ63: Disgorgement of profit | AN63: FINMA imposes sanctions for serious case of insider trading The Swiss Financial Market Supervisory Authority FINMA has concluded enforcement proceedings against a former CEO of a Swiss bank relating to insider trading and other violations of supervisory law. FINMA has ordered the confiscation of around CHF 730,000 of unlawfully generated profits from the person concerned and imposed long-term bans on him from acting in a management capacity and trading in securities. | AO63: https://www.finma.ch/en/news/2020/01/20200124-mm-insiderhandel/ | AP63: n/a | AR63: n/a | AT63: yes | AU63: B-664/2020 | AV63: 44746 | AW63: no | AX63: n/a | AY63: no | AZ63: no | BA63: Case linked to PdVSA
B64: Bank Julius Baer & Co AG | C64: yes | D64: Legal entity | E64: Bank | L64: 1 | X64: =SUM(F64:W64) -> 1 | Z64: 43881 | AA64: =Z64-AD64 -> 20 | AB64: n/a | AC64: n/a | AD64: 43861 | AE64: 2020-01 | AF64: no | AG64: AML | AI64: Correctif organisational measures | AJ64: Business restrictions | AK64: Audit-monitor | AN64: Serious AML failings at Julius Baer The Swiss Financial Market Supervisory Authority FINMA has found that Julius Baer fell significantly short in combating money laundering between 2009 and early 2018. The shortcomings arose in connection with alleged cases of corruption linked to PDVSA, an oil company, and FIFA, the world soccer federation, resulting in enforcement proceedings on the part of FINMA, which have now concluded. FINMA has instructed Julius Baer to undertake effective measures to comply with its legal obligations in combating money laundering and rapidly finalise the measures it has already started putting in place. Moreover, Julius Baer must change the way it recruits and manages client advisers as well as adjusting remuneration and disciplinary policies. The Board of Directors must also give greater attention to its AML responsibilities. Furthermore, Julius Baer is prohibited from conducting large and complex acquisitions until it once again fully complies with the law. Lastly, FINMA will appoint an independent auditor to monitor implementation of the above-mentioned measures. | AO64: https://www.finma.ch/en/news/2020/02/20200220-mm-jb/ | AP64: n/a | AR64: n/a | AT64: no | AY64: yes | AZ64: no | BA64: Follow up of the FAC decision admitting appeal against ruling of 24 May 2016 against estimate of profit to be disgorged
B65: Bank Syz | C65: yes | D65: Legal entity | E65: Bank | L65: 1 | X65: =SUM(F65:W65) -> 1 | Z65: 44098 | AA65: =Z65-AD65 -> 13 | AB65: n/a | AC65: n/a | AD65: 44085 | AE65: 2020-09 | AF65: no | AG65: AML | AI65: Reprimand | AJ65: Audit-monitor | AN65: FINMA reprimands Bank SYZ for breaches of anti-money laundering regulations The Swiss Financial Market Supervisory Authority FINMA has determined in enforcement proceedings that Bank SYZ SA breached anti-money laundering regulations. The breaches occurred in the course of a very important business relationship with a client from Angola. | AO65: https://www.finma.ch/en/news/2020/09/20200923-mm-syz/ | AP65: n/a | AR65: n/a | AT65: no | AY65: no | AZ65: no
B66: Banca Credinvest | C66: yes | D66: Legal entity | E66: Bank | L66: 1 | X66: =SUM(F66:W66) -> 1 | Z66: 44110 | AA66: =Z66-AD66 -> 11 | AB66: n/a | AC66: n/a | AD66: 44099 | AE66: 2020-10 | AF66: no | AG66: AML | AI66: Correctif organisational measures | AJ66: Audit-monitor | AN66: FINMA concludes proceedings against Banca Credinvest The Swiss Financial Market Supervisory Authority FINMA has found that Banca Credinvest seriously breached anti-money laundering regulations in its handling of Venezuelan client relationships. FINMA recently concluded corresponding enforcement proceedings and imposed a variety of measures. | AO66: https://www.finma.ch/en/news/2020/10/20201006-mm-verfahren-banca-credinvest/ | AP66: n/a | AR66: n/a | AT66: no | AY66: no | AZ66: no | BA66: "Mozambique tuna fish boat loans" case
B67: Individual working for BSI | C67: no | D67: Individual(s) | E67: Individual(s) working for bank | M67: 1 | X67: =SUM(F67:W67) -> 1 | Z67: 44126 | AA67: =Z67-AD67 -> 468 | AB67: n/a | AC67: n/a | AD67: 43658 | AE67: 2019-06 | AF67: no | AG67: AML | AI67: Industry ban | AN67: BSI: proceedings against individuals also concluded In addition, FINMA has concluded all enforcement proceedings against individuals that were opened following the BSI case. FINMA had opened proceedings against four individuals. In two of these cases it issued industry bans of several years. These rulings were contested before the Federal Administrative Court and are still pending. In one case, FINMA concluded the proceedings by holding with legal effect that a serious breach of supervisory law had occurred, but without ordering further measures. In the other case, it brought the proceedings to a close after the person concerned had credibly agreed not to accept a managerial position at a supervised institution in the future. FINMA also issued reprimands to four further individuals. | AO67: https://www.finma.ch/en/news/2020/10/20201022-mm-bsi-gewinneinziehung/ | AP67: n/a | AR67: n/a | AT67: yes | AU67: B-4750/2019 | AV67: 45062 | AW67: pending | AX67: pending | AY67: yes | AZ67: no | BA67: "Spy gate", enforcement
B68: BSI | C68: yes | D68: Legal entity | E68: Bank | L68: 1 | X68: =SUM(F68:W68) -> 1 | Z68: 44126 | AA68: =Z68-AD68 -> 6 | AB68: n/a | AC68: n/a | AD68: 44120 | AE68: 2020-11 | AF68: no | AG68: AML | AI68: Disgorgement of profits | AN68: FINMA reassesses disgorgement of profits in BSI case The Swiss Financial Market Supervisory Authority FINMA has reassessed the disgorgement of profits in the 1MDB enforcement case against BSI. In addition, FINMA has concluded all proceedings against individuals in connection with this case. In two cases it issued industry bans. | AO68: https://www.finma.ch/en/news/2020/10/20201022-mm-bsi-gewinneinziehung/ | AP68: n/a | AR68: n/a | AT68: no | AY68: no | AZ68: no | BA68: Case linked to PdVSA
B69: Credit Suisse | C69: yes | D69: Legal entity | E69: Bank | K69: 1 | X69: =SUM(F69:W69) -> 1 | Z69: 44488 | AA69: =Z69-AD69 -> 32 | AB69: n/a | AC69: n/a | AD69: 44456 | AE69: 2021-08 | AF69: no | AG69: Controls and organisation (including inadquate risk management) | AH69: AML | AI69: Correctif organisational measures | AJ69: Audit-monitor | AK69: Reprimand | AN69: Mozambique loans: FINMA concludes proceedings against Credit Suisse Credit Suisse seriously violated the organisational requirements and the AMLA reporting obligations in connection with loans it made to state-owned companies in Mozambique in 2013. The Swiss Financial Market Supervisory Authority FINMA is concluding its enforcement proceedings in this context and imposing conditions on Credit Suisse’s new lending business with financially weak countries. | AO69: https://www.finma.ch/en/news/2021/10/20211019-mm-cs-mosambik/ | AP69: n/a | AR69: n/a | AT69: no | AY69: yes | AZ69: no | BA69: Case linked to PdVSA
B70: Credit Suisse | C70: yes | D70: Legal entity | E70: Bank | K70: 1 | X70: =SUM(F70:W70) -> 1 | Z70: 44488 | AA70: =Z70-AD70 -> 18 | AB70: 44076 | AC70: 43819 | AD70: 44470 | AE70: 2021-09 | AF70: no | AG70: Governance | AH70: Risk Management | AI70: Correctif organisational measures | AJ70: Audit-monitor | AK70: Reprimand | AN70: Credit Suisse observation activities: FINMA identifies serious breaches of supervisory law The Swiss Financial Market Supervisory Authority FINMA has concluded its proceedings against Credit Suisse. It has found that serious organisational shortcomings existed at Credit Suisse in the context of its observation activities. FINMA has imposed measures on the bank, reprimanded two individuals and opened enforcement proceedings against three further individuals. | AO70: https://www.finma.ch/en/news/2021/10/20211019---mm---obs/ | AP70: Credit Suisse observation activities: FINMA opens enforcement proceedings The Swiss Financial Market Supervisory Authority FINMA has initiated enforcement proceedings against Credit Suisse in the context of its observation activities. | AQ70: https://www.finma.ch/en/news/2020/09/20200902-mm-cs-verfahrenseroeffnung/ | AR70: Credit Suisse: FINMA appoints independent investigating auditor The Swiss Financial Market Supervisory Authority FINMA is appointing an independent auditor to investigate Credit Suisse in the context of observation activities. So stepping up its ongoing investigations, FINMA will focus on relevant questions of corporate governance. | AS70: https://www.finma.ch/en/news/2019/12/20191220-mm-cs/ | AT70: no | AY70: no | AZ70: no | BA70: Triggered by Greensill case
B71: CBH Compagnie Bancaire Helvétique SA | C71: yes | D71: Legal entity | E71: Bank | K71: 1 | X71: =SUM(F71:W71) -> 1 | Z71: 44518 | AA71: =Z71-AD71 -> 69 | AB71: n/a | AC71: n/a | AD71: 44449 | AE71: 2021-07 | AF71: no | AG71: AML | AH71: Correctif organisational measures | AI71: Business restrictions | AJ71: Audit-monitor | AN71: The Swiss Financial Market Supervisory Authority FINMA has concluded two further proceedings focusing on Venezuelan business relationships. In these, it found that Banca Zarattini & Co. SA along with CBH Compagnie Bancaire Helvétique SA breached their obligations to combat money laundering and seriously violated supervisory law. It has imposed measures on the banks as a result. The conclusion of these two proceedings brings to an end all enforcement proceedings against banks in the context of Venezuela and in particular linked to PDVSA. | AO71: https://www.finma.ch/en/news/2021/11/20211118-mm-zarattini/ | AP71: n/a | AR71: n/a | AT71: no | AY71: no | AZ71: no
B72: Banca Zarattini & Co. SA | C72: yes | D72: Legal entity | E72: Bank | K72: 1 | X72: =SUM(F72:W72) -> 1 | Z72: 44518 | AA72: =Z72-AD72 -> 20 | AB72: n/a | AC72: n/a | AD72: 44498 | AE72: 2021-12 | AF72: no | AG72: AML | AH72: Correctif organisational measures | AI72: Business restrictions | AJ72: Audit-monitor | AN72: The Swiss Financial Market Supervisory Authority FINMA has concluded two further proceedings focusing on Venezuelan business relationships. In these, it found that Banca Zarattini & Co. SA along with CBH Compagnie Bancaire Helvétique SA breached their obligations to combat money laundering and seriously violated supervisory law. It has imposed measures on the banks as a result. The conclusion of these two proceedings brings to an end all enforcement proceedings against banks in the context of Venezuela and in particular linked to PDVSA. | AO72: https://www.finma.ch/en/news/2021/11/20211118-mm-zarattini/ | AP72: n/a | AR72: n/a | AT72: no | AY72: no | AZ72: no | BA72: UBS-CS merger - Order to write down AT1 bonds
B73: Sberbank (Switzerland) AG | C73: yes | D73: Legal entity | E73: Bank | J73: 1 | X73: =SUM(F73:W73) -> 1 | Z73: 44624 | AA73: n/a | AB73: n/a | AC73: n/a | AD73: no info | AE73: no ID | AF73: no | AG73: Bankruptcy | AI73: Protective measures | AN73: Sberbank (Switzerland) AG: FINMA orders protective measures To protect creditors, the Swiss Financial Market Supervisory Authority FINMA has ordered protective measures at Sberbank (Switzerland) AG. FINMA has ordered a deferral of the bank’s obligations from deposits until 2 May 2022. The bank is subject to a wide-ranging ban on payments and transactions with immediate effect | AO73: https://www.finma.ch/en/news/2022/03/20220304-mm-sberbank/ | AP73: n/a | AR73: n/a | AT73: no | AY73: no | AZ73: no | BA73: UBS-CS merger - AT1 write down - Determination that Contingent Capital Awards of CS staff are included in AT1 write down. Subsequent info on 2023-03-23 not included in database
B74: Blackstone Resources AG and director of Blackstone | C74: no | D74: Individual(s) | E74: Individual working for publicly listed but not supervised company | J74: 1 | X74: =SUM(F74:W74) -> 1 | Z74: 44663 | AA74: =Z74-AD74 -> 4 | AB74: n/a | AC74: n/a | AD74: 44659 | AE74: 2022-21 | AF74: no | AG74: Market Abuse | AH74: Disclosure of qualified shareholding in listed company | AI74: Reprimand | AN74: FINMA finds market manipulation at Blackstone Resources AG The Swiss Financial Market Supervisory Authority FINMA has concluded proceedings for violation of market conduct rules against Blackstone Resources AG and one of its directors. It found market manipulation and violations of disclosure obligations. | AO74: https://www.finma.ch/en/news/2022/04/20220412-mm-blackstone/ | AP74: n/a | AR74: n/a | AT74: yes | AU74: B-2343/2022 | AV74: pending | AY74: no | AZ74: no | BA74: Archegos case
B75: CSS | C75: yes | D75: Legal entity | E75: Insurer (health) | J75: 1 | X75: =SUM(F75:W75) -> 1 | Z75: 44789 | AA75: =Z75-AD75 -> 32 | AB75: n/a | AC75: n/a | AD75: 44757 | AE75: 2022-07 | AF75: no | AG75: Prudential Rules | AI75: Correctif organisational measures | AJ75: Reimbursement to damaged parties | AK75: Audit-monitor | AL75: Change of auditor | AN75: FINMA orders CSS to reimburse premiums to policyholders with supplementary health insurance The Swiss Financial Market Supervisory Authority FINMA has concluded enforcement proceedings against the CSS Group company operating in the supplementary health insurance business. The proceedings have revealed shortcomings in business with external intermediaries and shown that CSS Versicherung AG allocates parts of the distribution and administrative costs unilaterally within the Group to the detriment of supplementary health insurance policyholders. FINMA has ordered excessive premiums in the total amount of CHF 129 million to be reimbursed to the affected supplementary health insurance policyholders. | AO75: https://www.finma.ch/en/news/2022/08/20220816-mm-css/ | AP75: n/a | AR75: n/a | AT75: yes | AU75: B-4050/2022 | AV75: pending | AY75: no | AZ75: no
B76: Credit Suisse | C76: yes | D76: Legal entity | E76: Bank | J76: 1 | X76: =SUM(F76:W76) -> 1 | Z76: 44985 | AA76: =Z76-AD76 -> 81 | AB76: 44308 | AC76: n/a | AD76: 44904 | AE76: 2022-16 | AF76: no | AG76: Controls and organisation (including inadquate risk management) | AI76: Correctif organisational measures | AJ76: Bonus limitation | AK76: Audit-monitor | AN76: FINMA concludes “Greensill” proceedings against Credit Suisse The Swiss Financial Market Supervisory Authority FINMA has concluded its enforcement proceedings against Credit Suisse in connection with its business relationship with financier Lex Greensill and his companies. FINMA finds that Credit Suisse seriously breached its supervisory obligations in this context with regard to risk management and appropriate organisational structures. FINMA has ordered remedial measures. In future, the bank will have to periodically review at executive board level the most important business relationships (around 500) in particular for counterparty risks. In addition, the bank is required to record the responsibilities of its approximately 600 highest-ranking employees in a responsibility document. FINMA has also opened four enforcement proceedings against former Credit Suisse managers. | AO76: https://www.finma.ch/en/news/2023/02/20230228-mm-greensill/ | AP76: Credit Suisse: FINMA opens proceedings in “Archegos” case and confirms ongoing proceedings in “Greensill” case The Swiss Financial Market Supervisory Authority FINMA has opened enforcement proceedings against Credit Suisse after the bank suffered significant losses in connection with a US hedge fund (“Archegos”). Furthermore, FINMA announces that it opened proceedings against the bank in the context of the “Greensill” case in March 2021. Supplementing measures taken by the bank, FINMA has in addition required various risk-reducing measures. | AQ76: https://www.finma.ch/en/news/2021/04/20210422-mm-cs-verfahren/ | AR76: n/a | AT76: no | AY76: no | AZ76: no
B77: Credit Suisse | C77: yes | D77: Legal entity | E77: Bank | I77: 1 | X77: =SUM(F77:W77) -> 1 | Z77: 45004 | AA77: =Z77-AD77 -> 0 | AB77: n/a | AC77: n/a | AD77: 45004 | AE77: 2023-02 | AF77: no | AG77: Bankruptcy | AN77: FINMA approves merger of UBS and Credit Suisse The Swiss Financial Market Supervisory Authority FINMA has approved the takeover of Credit Suisse by UBS. FINMA welcomes the takeover solution and the measures taken by the Swiss Confederation and the Swiss National Bank SNB. The transaction and the measures taken will ensure stability for the bank’s customers and for the financial centre. The SNB is granting the bank further liquidity assistance that is backed by a default guarantee by the Swiss Confederation. This will provide sufficient liquidity to carry out the takeover. On this basis, it will be possible to continue all the business activities of both banks with no restrictions or interruptions. | AO77: https://www.finma.ch/en/news/2023/03/20230319-mm-cs-ubs/ | AP77: n/a | AR77: n/a | AT77: yes | AU77: pending | AV77: pending | AY77: no | AZ77: no
B78: Dohrnii Foundation and founder | C78: no | D78: Individual(s) | E78: Individual(s) working for (unauthorised) securities dealer | I78: 1 | X78: =SUM(F78:W78) -> 1 | Z78: 45063 | AA78: =Z78-AD78 -> 12 | AB78: n/a | AC78: n/a | AD78: 45051 | AE78: 2023-19 | AF78: no | AG78: Unauthorized activity | AI78: Reprimand | AJ78: Cease and desist order | AN78: FINMA concludes proceedings against crypto platform and its founder In enforcement proceedings, the Swiss Financial Market Supervisory Authority FINMA found that the Dohrnii Foundation and its founder and former managing director had carried out several business activities requiring a licence in the crypto sector without obtaining the relevant licence from FINMA. The foundation is currently being liquidated by the competent bankruptcy authority. | AO78: https://www.finma.ch/en/news/2023/05/20230517-mm-dohrnii-stiftung/ | AP78: n/a | AR78: n/a | AT78: no | AY78: no | AZ78: no
B79: Credit Suisse | C79: yes | D79: Legal entity | E79: Bank | I79: 1 | X79: =SUM(F79:W79) -> 1 | Z79: 45131 | AA79: =Z79-AD79 -> 10 | AB79: 44308 | AC79: n/a | AD79: 45121 | AE79: 2023-05 | AF79: no | AG79: Controls and organisation (including inadquate risk management) | AI79: Correctif organisational measures | AJ79: Bonus limitation | AN79: Archegos: FINMA concludes proceedings against Credit Suisse In the course of its enforcement proceedings, the Swiss Financial Market Supervisory Authority FINMA found that Credit Suisse had seriously and systematically violated financial market law in the context of its business relationship with the Archegos family office. FINMA is ordering corrective measures from its legal successor, UBS. In addition, FINMA has opened enforcement proceedings against a former Credit Suisse manager. At the same time as FINMA, the authorities in the USA and the UK are also announcing their findings in this matter. | AO79: https://www.finma.ch/en/news/2023/07/20230724-mm-archegos/ | AP79: Credit Suisse: FINMA opens proceedings in “Archegos” case and confirms ongoing proceedings in “Greensill” case The Swiss Financial Market Supervisory Authority FINMA has opened enforcement proceedings against Credit Suisse after the bank suffered significant losses in connection with a US hedge fund (“Archegos”). Furthermore, FINMA announces that it opened proceedings against the bank in the context of the “Greensill” case in March 2021. Supplementing measures taken by the bank, FINMA has in addition required various risk-reducing measures. | AQ79: https://www.finma.ch/en/news/2021/04/20210422-mm-cs-verfahren/ | AR79: n/a | AY79: yes | AZ79: yes | BA79: link to rulings of March 2024 (withdrawal of licence) and October 2022 (prudential topics)
B80: Banque Audi (Suisse) SA | C80: yes | D80: Legal entity | E80: Bank | H80: 1 | X80: =SUM(F80:W80) -> 1 | Z80: 45376 | AA80: =Z80-AD80 -> 17 | AB80: n/a | AC80: n/a | AD80: 45359 | AE80: 2024-03 | AF80: no | AG80: AML | AI80: Correctif organisational measures | AJ80: Disgorgement of profit | AK80: Capital charge | AN80: FINMA proceedings: Banque Audi (Suisse) SA violated money laundering regulations Banque Audi (Suisse) SA breached its obligations in the prevention of money laundering and thereby seriously violated financial market law. This was established by the Swiss Financial Market Supervisory Authority FINMA in the context of enforcement proceedings. In the course of the proceedings, the bank has co-operated with FINMA and took measures to restore compliance with the law. In addition, FINMA has ordered the disgorgement of profits totalling CHF 3.9 million and a capital surcharge of CHF 19 million. | AO80: https://www.finma.ch/en/news/2024/03/20240325-mm-audi/ | AP80: n/a | AR80: n/a | AT80: no | AY80: no | AZ80: no | BA80: nach einem Medienbericht handelte es sich beim Kunden um den 2022 verstorbenen Software Milliardär Robert Brockman, https://www.tippinpoint.ch/artikel/77627/genfer_privatbank_mirabaud_wird_von_der_finma_kalt_abgeduscht.html https://www.justice.gov/opa/pr/ceo-multibillion-dollar-software-company-indicted-decades-long-tax-evasion-and-wire-fraud
B81: Flowbank | C81: yes | D81: Legal entity | E81: Bank | H81: 1 | X81: =SUM(F81:W81) -> 1 | Z81: 45456 | AA81: =Z81-AD81 -> 1 | AB81: n/a | AC81: n/a | AD81: 45455 | AE81: 2024-08 | AF81: no | AG81: Bankruptcy | AH81: Prudential rules | AI81: Bankruptcy | AN81: FINMA opens bankruptcy proceedings against FlowBank SA The Swiss Financial Market Supervisory Authority FINMA is opening bankruptcy proceedings against FlowBank SA on 13 June 2024. This measure became necessary as the bank no longer has the minimum capital required for its business operations. There are also fears that the bank is over-indebted. The aim of the bankruptcy proceedings is to protect depositors. According to current calculations, the privileged deposits can be repaid in full out of the bank’s available funds. | AO81: https://www.finma.ch/en/news/2024/06/20240613-mm-flowbank/ | AP81: n/a | AR81: n/a | AT81: yes | AY81: no | AZ81: no
B82: HSBC Private Bank (Suisse) SA | C82: yes | D82: Legal entity | E82: Bank | H82: 1 | X82: =SUM(F82:W82) -> 1 | Z82: 45461 | AA82: =Z82-AD82 -> 18 | AB82: n/a | AC82: n/a | AD82: 45443 | AE82: 2024-07 | AF82: no | AG82: AML | AI82: Correctif organisational measures | AJ82: Audit-monitor | AK82: Business restrictions | AN82: FINMA proceedings: HSBC Private Bank (Suisse) SA violated money laundering regulations HSBC Private Bank (Suisse) SA breached its obligations in the prevention of money laundering in connection with two politically exposed persons and thereby seriously violated financial market law. This was established in the context of enforcement proceedings by the Swiss Financial Market Supervisory Authority FINMA, which has imposed measures to ensure that compliance with the law is restored. The decision orders that, until these measures have been implemented in full, the bank may not enter into any new business relationships with politically exposed persons. | AO82: https://www.finma.ch/en/news/2024/06/20240618-mm-hsbc/ | AP82: n/a | AR82: n/a | AT82: yes | AU82: B-4317/2024 | AV82: open | AY82: ? | AZ82: no | BA82: Apparently, Riad Salameh, the former governor of the Central Bank of Lebanon (BDL), was the beneficiary of the deposited money.
B83: Mirabaud & Cie SA | C83: yes | D83: Legal entity | E83: Bank | H83: 0 | I83: 1 | X83: =SUM(F83:W83) -> 1 | Z83: 45552 | AA83: =Z83-AD83 -> 459 | AB83: n/a | AC83: n/a | AD83: 45093 | AE83: 2023-31 | AG83: AML | AH83: Controls and organisation, fit and proper rules | AI83: Reprimand | AJ83: Correctif organisational measures | AK83: Business restrictions | AL83: Audit-Monitor | AN83: Mirabaud & Cie SA seriously violated financial market law The Swiss Financial Market Supervisory Authority FINMA has found that Mirabaud & Cie SA breached its anti-money laundering obligations and seriously violated financial market law. FINMA determined this in enforcement proceedings. The bank failed to review and document sufficiently the economic background of client relationships and transactions. The bank may not accept any new clients with increased money-laundering risks until compliance with the law has been restored. Furthermore, FINMA has confiscated CHF 12.7 million of unlawfully generated profits and opened three proceedings against individuals. | AO83: https://www.finma.ch/en/news/2024/09/20240917-mm-mirabaud/ | AP83: n/a | AR83: Mirabaud & Cie SA seriously violated financial market law The Swiss Financial Market Supervisory Authority FINMA has found that Mirabaud & Cie SA breached its anti-money laundering obligations and seriously violated financial market law. FINMA determined this in enforcement proceedings. The bank failed to review and document sufficiently the economic background of client relationships and transactions. The bank may not accept any new clients with increased money-laundering risks until compliance with the law has been restored. Furthermore, FINMA has confiscated CHF 12.7 million of unlawfully generated profits and opened three proceedings against individuals. | AT83: yes | AU83: B-4779/202 | AV83: 45265 | AW83: 2C_682/2023 | AX83: 45533 | AY83: no | AZ83: no | BA83: Investigation leaked by market rumours
B84: Leonteq Financial Group (LTQ) | C84: yes | D84: Legal entities | E84: Bank | H84: 1 | X84: =SUM(F84:W84) -> 1 | Z84: 45638 | AA84: =Z84-AD84 -> 13 | AB84: n/a | AC84: n/a | AD84: 45625 | AE84: 2024-20 | AF84: no | AG84: Controls and organisation (including inadquate risk management) | AH84: Fitness and properness | AI84: Correctif organisational measures | AJ84: Business restrictions | AK84: Disgorgement of profits | AN84: FINMA concludes proceedings against Leonteq In connection with the distribution of its financial market products by some distributors abroad, the Leonteq financial group (LTQ) has seriously breached its risk management obligations and the obligations to ensure suitability. This was established in the context of enforcement proceedings by the Swiss Financial Market Supervisory Authority FINMA, which has imposed measures to ensure that compliance with the law is restored. According to FINMA’s decision, the financial group may, among other things, only work with foreign distributors that are subject to regulation comparable to that in Switzerland. FINMA will appoint an audit mandatary to monitor the correct implementation of the measures. FINMA has also ordered the disgorgement of profits totalling CHF 9.3 million. | AO84: https://www.finma.ch/en/news/2024/12/20241212-mm-leonteq/ | AP84: n/a | AR84: n/a | AT84: no | AY84: ? | AZ84: no
B85: Cantonal building insurers | C85: no | D85: Legal entities | E85: Insurer (cantonal building) | X85: =SUM(F85:W85) -> 0 | Z85: n/a | AA85: n | AB85: 41179 | AC85: n/a | AD85: no info | AE85: n/a | AF85: no | AG85: Prudential Rules | AI85: n/a | AN85: Cantonal building insurers not to be placed under FINMA supervision Following a decision by the Federal Supreme Court, the Swiss Financial Market Supervisory Authority FINMA has discontinued proceedings to impose its supervision on six cantonal building insurers that have expanded their activities beyond the scope of their monopoly | AO85: https://www.finma.ch/en/news/2012/09/mm-gebaeudeversicherungen-20120927/ | AP85: n/a | AR85: n/a | AT85: no | AX85: n/a | AY85: no | AZ85: yes
B86: Credit Suisse | C86: yes | D86: Legal entity | E86: Bank | I86: 1 | X86: =SUM(F86:W86) -> 1 | Z86: n/a | AA86: n/a | AB86: n/a | AC86: 44995 | AD86: n/a | AE86: n/a | AF86: no | AG86: Misrepresentations to investors | AI86: n/a | AN86: n/a | AO86: n/a | AP86: n/a | AR86: FINMA sees no sufficient grounds for proceedings following investigations into statements on outflows of client funds at Credit Suisse The Swiss Financial Market Supervisory Authority FINMA has investigated possible violations of financial market law in connection with public statements made by the Chairman of the Board of Directors of Credit Suisse regarding outflows of client funds. It does not see sufficient grounds to open supervisory proceedings in this case. | AS86: https://www.finma.ch/en/news/2023/03/20230310-mm-cs-kein-verfahren/ | AT86: n/a | AY86: No | AZ86: no
B87: 4 Health Insurers | C87: no | D87: Legal entities | E87: Insurer (health) | X87: =SUM(F87:W87) -> 0 | Z87: n/a | AA87: n/a | AB87: n/a | AC87: 45617 | AD87: n/a | AE87: n/a | AF87: n/a | AG87: Cold calling | AN87: n/a | AO87: n/a | AP87: n/a | AR87: Ban on cold calling: over 100 reports received by FINMA The period for switching health insurers is in full swing, and unsolicited marketing calls are still part and parcel of it. Cold calling in the area of health insurance has been banned for all insurance intermediaries and insurance companies by law since 1 September 2024. FINMA has launched investigations of four insurance and intermediary firms. | AS87: https://www.finma.ch/en/news/2024/11/20241121-mm-kaltaquise-verbot/ | AT87: n/a | AY87: no | AZ87: no | BA87: Trigger: distribution of Lehman Brother structured products to retail investors; Closure of enforcement against Credit Suisse. No formal ruing by FINMA
B88: ASE Investment AG | C88: yes | D88: Legal entity | E88: Distributor of collective investment schemes | X88: =SUM(F88:W88) -> 0 | Z88: n/a | AA88: n/a | AB88: n/a | AC88: 41043 | AD88: n/a | AE88: n/a | AF88: no | AG88: Unauthorized activity | AI88: n/a | AN88: n/a | AO88: n/a | AP88: n/a | AR88: FINMA provides information on the ASE Investment case The Swiss Financial Market Supervisory Authority FINMA is currently examining the circumstances surrounding ASE Investment AG from the supervisory law perspective. FINMA has appointed an investigating agent and is clarifying the facts. It is investigating whether the company dealt in securities without holding a licence. It is also investigating whether ASE illegally accepted deposits from the public. Based on the findings at this stage of the investigations, the financial impact is high. | AS88: https://www.finma.ch/en/news/2012/05/mm-ase-investment-20120514/ | AT88: no | AY88: no | AZ88: no | BA88: Announcement of closure of proceeding, case not included by FINMA in ist case reporting
B89: Credit Suisse and other banks | C89: yes | D89: Legal entity | E89: Bank | V89: 1 | X89: =SUM(F89:W89) -> 1 | Z89: n/a | AA89: n/a | AB89: 40239 | AC89: 40212 | AD89: n/a | AE89: n/a | AF89: yes | AG89: Distribution of financial products, Missselling | AN89: n/a | AO89: n/a | AP89: n/a | AR89: Investigations into Madoff and Lehman cases completed FINMA completed two large-scale investigations in 2009. The first concerned the impact on Switzerland as a financial centre of the fraud committed in the USA by the US investor Bernard L. Madoff. The second looked at the distribution of structured products that were guaranteed by subsidiaries of Lehman Brothers Holdings Inc. Both cases led to losses for investors. FINMA identified the need for certain financial intermediaries to take corrective measures and has requested the necessary steps to be taken. The investigations did reveal, however, that current Swiss legislation does not adequately protect investors in investment advisory and wealth management services. FINMA sees a clear need for regulatory action in this regard and has therefore launched a regulatory project in relation to distribution rules. | AS89: https://www.finma.ch/en/news/2010/03/mm-lehman-madoff-20100302/ | AT89: no | AY89: no | AZ89: yes | BA89: Case linked to PdVSA / Venezuela
B90: P.V. | C90: yes | D90: Individual(s) | E90: Individual(s) working for bank | X90: =SUM(F90:W90) -> 0 | Z90: n/a | AA90: n/a | AB90: 43090 | AC90: n/a | AD90: n/a | AE90: n/a | AF90: no | AG90: Governance | AI90: Closure of proceeding | AN90: n/a | AO90: n/a | AP90: FINMA discontinues proceedings against Pierin Vincenz The Swiss Financial Market Supervisory Authority FINMA has this week discontinued enforcement proceedings against Pierin Vincenz following his decision to resign from executive management positions at financial institutions supervised by FINMA and undertaken not to assume any such positions in the future. Consequently, the proceedings initiated by FINMA have become redundant. | AQ90: https://www.finma.ch/en/news/2017/12/20171221-mm-pv/ | AR90: n/a | AS90: n/a | AT90: n/a | AY90: no | AZ90: no
B91: Managers of Bank Julius Baer & Co AG | C91: no | D91: Individual(s) | E91: Individual(s) working for bank | X91: =SUM(F91:W91) -> 0 | Z91: n/a | AA91: n/a | AB91: 44217 | AC91: 44217 | AD91: n/a | AE91: n/a | AF91: no | AG91: AML | AN91: n/a | AO91: n/a | AP91: The Swiss Financial Market Supervisory Authority FINMA has investigated the responsibility of individuals for serious anti-money laundering failings at Julius Baer. It has decided to initiate proceedings in one case and not to open proceedings in another case following a declaration of resignation. FINMA reprimanded two people in writing. | AQ91: https://www.finma.ch/en/news/2021/01/20210121-mm-jb/ | AR91: n/a | AS91: n/a | AT91: n/a | AY91: no | AZ91: no | BA91: Case not included by FINMA in its case reporting
B92: "Moonshot"-Plattform (10 companies and 2 individuals) | C92: no | D92: Legal entities / indviduals | E92: (Unauthorised) banks and securities dealers | X92: =SUM(F92:W92) -> 0 | Z92: n/a | AA92: n/a | AB92: 45615 | AC92: n/a | AD92: n/a | AE92: n/a | AF92: no | AG92: Unauthorized activity | AN92: n/a | AO92: n/a | AP92: FINMA is conducting proceedings against several companies and individuals in connection with the “Moonshot” platform and is taking measures to protect customers and investors The Swiss Financial Market Supervisory Authority has opened enforcement proceedings against a total of ten interconnected companies and two individuals. There is a strong suspicion that the persons involved in the proceedings have carried out several unauthorised activities as a group without the requisite licences under financial market law. FINMA has appointed an investigating agent and taken measures to protect investors’ interests that are under threat. | AQ92: https://www.finma.ch/en/news/2024/11/20241119-meldung-moonshot/ | AR92: n/a | AS92: n/a | AT92: n/a | AY92: no | AZ92: no | BA92: The subsequent media releases in this case by FINMA of 2022-07-01, 2022-08-02 and 2022-09-02 are not included in this database
B93: SWISS4.0 SA | C93: yes | D93: Legal entity | E93: Fintech | G93: 1 | X93: =SUM(F93:W93) -> 1 | Z93: 45720 | AA93: =Z93-AD93 -> 0 | AB93: n/a | AC93: n/a | AD93: 45720 | AF93: no | AG93: Bankruptcy | AI93: Bankruptcy | AN93: FinTech start-up SWISS4.0 SA in liquidation On 4 March 2025 the Swiss Financial Market Supervisory Authority FINMA opened bankruptcy proceedings against the FinTech start-up SWISS4.0 SA. This measure was necessary as there was justified concern that the institution was overindebted and had serious liquidity problems. FINMA has engaged a bankruptcy liquidator. | AO93: https://www.finma.ch/en/news/2025/03/20250304-mm-fintech-startup-swiss4_0-liquidation/ | AP93: n/a | AQ93: n/a | AR93: n/a | AS93: n/a | AT93: no | AY93: no | AZ93: no
B94: MBaer Merchant Bank AG | C94: yes | D94: Legal entity | E94: Bank | F94: 1 | X94: =SUM(F94:W94) -> 1 | Z94: 46080 | AA94: =Z94-AD94 -> 25 | AB94: n/a | AC94: n/a | AD94: 46055 | AE94: tbc | AF94: no | AG94: AML | AH94: Controls and organisation (including inadquate risk management) | AI94: Licence withdrawal | AN94: FINMA proceedings: MBaer Merchant Bank AG in liquidation In enforcement proceedings against MBaer Merchant Bank AG that FINMA concluded three weeks ago and which were recently pending before the Swiss Federal Administrative Court, FINMA had withdrawn the bank's licence. As part of the proceedings, FINMA ascertained that the bank does not have an adequate structure in place for combating money laundering, thus enabling clients to circumvent official asset freezes. The bank has now withdrawn its appeal against the FINMA proceedings, meaning that FINMA’s liquidation order is now effective. | AO94: https://www.finma.ch/en/news/2026/02/20260227-mm-mbaer-liquidation/ | AP94: n/a | AQ94: n/a | AR94: n/a | AS94: n/a | AT94: yes | AY94: yes | AZ94: yes | BA94: First media release by FINMA on 2026-02-26 (https://www.finma.ch/en/news/2026/02/20260226-mm-mbaer/) with reference to proceedings and "notice pf proposed rulemaking" published by US-FINCEN on the same day (https://home.treasury.gov/news/press-releases/sb0408)
B95: Wendelspiess Partners AG, two individuals | C95: yes | D95: Legal entitity / indviduals | E95: Portfolio Manager | F95: 1 | X95: =SUM(F95:W95) -> 1 | Z95: 46176 | AA95: tbd | AB95: n/a | AC95: n/a | AD95: tbd | AE95: tbd | AF95: no | AG95: Distribution of financial products, Missselling | AI95: Licence withdrawal | AJ95: Industry bans | AN95: FINMA concludes proceedings against Wendelspiess Partners AG and imposes long-term industry bans The Swiss Financial Market Supervisory Authority FINMA has concluded enforcement proceedings against Wendelspiess Partners AG in liquidation and two individuals for serious breaches of the rules of conduct governing the provision of financial services. It has imposed long-term industry bans on two responsible individuals. | AO95: https://www.finma.ch/en/news/2026/06/20260306-mm-wendelspiess/ | AP95: n/a | AQ95: n/a | AR95: n/a | AS95: n/a | AT95: tbd | AY95: no | AZ95: no
B96: Swiss Fund Management AG in liquidation, BZ Berater Zentrum AG | C96: yes | D96: Legal entities | E96: PortFund Manager, folio Manager | F96: 1 | X96: =SUM(F96:W96) -> 1 | Z96: 46202 | AA96: tbd | AB96: n/a | AC96: n/a | AD96: tbd | AE96: tbd | AF96: no | AG96: Distribution of financial products, Missselling | AI96: Licence withdrawal | AJ96: Refusal of licence | AN96: FINMA concludes proceedings against Swiss Fund Management AG in liquidation and BZ Berater Zentrum AG and enforces rules of conduct in the financial services sector The Swiss Financial Market Supervisory Authority FINMA has concluded enforcement proceedings against two institutions and one individual for serious breaches of the rules of conduct governing the provision of financial services under the FinSA. To restore compliance with the law and protect investors, FINMA ordered various measures. It withdrew Swiss Fund Management AG in liquidation’s licence to manage funds. An application by BZ Berater Zentrum AG for authorisation as an independent portfolio manager was rejected. In addition, FINMA is confiscating millions in illegally generated profits and imposing a multi-year industry ban on one of the individuals responsible. | AO96: https://www.finma.ch/en/news/2026/06/20260629-mm-durchsetzung-verhaltensregeln/ | AP96: n/a | AQ96: n/a | AR96: n/a | AS96: n/a | AT96: no | AU96: n/a | AY96: no | AZ96: no
B97: Julius Bär | C97: yes | D97: Legal entity | E97: Bank | F97: 1 | X97: =SUM(F97:W97) -> 1 | Z97: 46294 | AA97: tbd | AB97: n/a | AC97: n/a | AD97: tbd | AE97: tbd | AF97: no | AG97: Controls and organisation (including inadquate risk management) | AH97: AML | AI97: Correctif organisational measures | AJ97: Business restrictions | AK97: Capital charge | AN97: FINMA concludes enforcement proceeding against Julius Bär The Swiss Financial Market Supervisory Authority FINMA has concluded an enforcement proceeding against Julius Bär bank in connection with private debt loans granted to a European group and client relationships involving two Russian PEPs, or politically exposed persons. It has established that the institution committed serious violations of supervisory provisions, in particular the requirements for appropriate risk management and the legal obligations relating to the prevention of money laundering. FINMA has thus concluded its fifth enforcement proceeding against Julius Bär in less than ten years. The bank had already implemented many immediate measures imposed by FINMA whilst the proceeding was ongoing. Further measures, following the conclusion of the enforcement proceeding, are now intended to ensure that the planned improvements to the compliance and risk culture are implemented effectively and sustainably across the institution. However, certain immediate measures were lifted or relaxed once the proceeding had been concluded. | AO97: https://www.finma.ch/en/news/2026/06/20260629-mm-durchsetzung-verhaltensregeln/ | AP97: n/a | AQ97: n/a | AR97: n/a | AS97: n/a | AT97: tbd | AY97: no | AZ97: no
B98: Total | F98: =SUM(F8:F97) -> 4 | G98: =SUM(G8:G97) -> 1 | H98: =SUM(H8:H97) -> 4 | I98: =SUM(I8:I97) -> 5 | J98: =SUM(J8:J97) -> 4 | K98: =SUM(K8:K97) -> 4 | L98: =SUM(L8:L97) -> 5 | M98: =SUM(M8:M97) -> 3 | ... X98: =SUM(X8:X97) -> 84 | Y98: =AVERAGE(F98:W98) -> 4.6666667 | AF98: =SUM(AF8:AF94)+COUNTIF(AF8:AF94,"yes") -> 11 | AY98: =SUM(AY8:AY94)+COUNTIF(AY8:AY94,"yes") -> 26 | AZ98: no

Sheet codebook
A1: Global Enforcement in the Financial Industry (GEFI) - Swiss data - FINMA enforcement statistics globalenforcement.ch
A2: Data set | B2: Enforcement cases proactively communicated by FINMA media releases
A3: Column | B3: Column name | C3: Description | D3: Source
A4: B | B4: Target name | C4: Name of target person(s) if disclosed by FINMA. Names of individuals are not dislosed even when they are by FINMA | D4: FINMA | AE4: Comment
A5: C | B5: Target name disclosure | C5: Information on target name disclosure by FINMA (yes/no) | D5: GEFI
A6: D | B6: Target type | C6: Information on target type (legal entity/individual) | D6: GEFI
A7: E | B7: Target status | C7: Supervisory status of target | D7: GEFI
A8: F | B8: Rulings linked to media releases by year | C8: Data on number of rulings described by FINMA media releases by year. If a media release disclosed several targets or when it was referring to a previous communication in the same case it is considered to be a new case. There are cases on which FINMA informed in a consecutive year. In this case is reported in the year of the ruling, not in the year of the media release. | D8: GEFI
A9: G | D9: FINMA
A10: H | D10: FINMA
A11: I | D11: FINMA
A12: J
A13: K | D13: FINMA
A14: L | D14: FINMA
A15: M | D15: FINMA
A16: N | D16: FINMA
A17: 0 | D17: FINMA
A18: P | D18: FINMA
A19: Q | D19: FINMA
A20: R | D20: FINMA
A21: S | D21: FINMA
A22: T | D22: FINMA
A23: U | D23: FINMA
A24: V | D24: FINMA
A25: W | B25: Total rulings with media releases | C25: Total number of rulings on which FINMA informed in media releases, sometimes with considerable delay (see Column Z). Not counted cases where FINMA informed about opening of proceeding or investigations but not on ruling. Not included are rulings of FINMA's Takeover and State Liability Committee communicated by FINMA. Not counted are cases where FINMA only informed about the beginning of proceedings or investigations or about the closure of proceedings without ruling. | D25: GEFI
A26: X | B26: Average number of media releases of rulings per year | C26: Average number of media releases of rulings per year | D26: GEFI
A27: Y | B27: Date ruling info | C27: Date of the media release on the ruling. In some cases FINMA published the information on a ruling with a significant delay, i.e. not immediately after it was issued. There are various reasons for this (e.g. appeal by the company concerned against the information, waiting for the conclusion of parallel proceedings abroad, avoiding destabilization of the company, combining the info on individuals with info on proceeding against the firm). | D27: FINMA
A28: Z | B28: Time gap ruling and info date (days) | C28: Time gap in days between the date of the ruling and the date of the media release by FINMA | D28: GEFI
A29: AA | B29: Date proceeding info | C29: Date of the media release on the opening of a proceeding (if disclosed by FINMA in a media release) | D29: FINMA
A30: AB | B30: Date investigation info | C30: Date of the media release on the opening of an investigation (if disclosed by FINMA in a media release) | D30: FINMA
A31: AC | B31: Ruling date | C31: Date of the ruling if disclosed by FINMA in the media release or the case report | D31: FINMA
A32: AD | B32: FINMA case ID | C32: ID attributed by FINMA to the enforcement case in its case reports after 2014 as pdf report and on FINMA's website as case reports or only in the pdf reports. The IDs before 2013 have been attributed by GEFI based on data provided by FINMA. | D32: FINMA
A33: AE | B33: Detailled case outline | C33: Info on whether the FINMA published a detailled outline of the case as annex to the media release (yes/no) | D33: GEFI
A34: AF | B34: Main topic | C34: Main topic of case as defined by GEFI taxonomy | D34: GEFI
A35: AG | B35: Other Topics | C35: Other topic case as defined by GEFI taxonomy | D35: GEFI
A36: AH | B36: Measure 1 | C36: Measures imposed on target by FINMA ruling (if disclosed) defined by GEFI taxonomy | D36: FINMA / GEFI
A37: AI | B37: Measure 2
A38: AJ | B38: Measure 3
A39: AK | B39: Measure 4
A40: AL | B40: Measure 5
A41: AM | B41: FINMA teaser on ruling | C41: Copy/paste of FINMA media release teaser on ruling | D41: FINMA
A42: AN | B42: Link ruling info | C42: URL of FINMA media release on ruling | D42: FINMA
A43: AO | B43: FINMA teaser on enforcement proceeding | C43: Copy/paste of FINMA media release teaser on proceeding | D43: FINMA
A44: AP | B44: Link proceeding info | C44: URL of FINMA media release on proceeding | D44: FINMA
A45: AQ | B45: FINMA teaser on investigation | C45: Copy/paste of FINMA media release teaser on investigation | D45: FINMA
A46: AR | B46: Link investigation info | C46: URL of FINMA media release on investigation | D46: FINMA
A47: AS | B47: Appeal | C47: Information on a possible appeal against the FINMA ruling (yes/no) | D47: FINMA / GEFI
A48: AT | B48: FAC decision / proceeding | C48: Reference to the decision / proeceeding of the Federal Administrative Court on a possible appeal against the FINMA ruling | D48: FINMA / GEFI
A49: AU | B49: FAC decision date | C49: Date of the decision of the Federal Administrative Court on a possible appeal against the FINMA ruling | D49: GEFI
A50: AV | B50: FSC decision | C50: Reference to the decision of the Federal Supreme Court on a possible appeal against the FAC decision on the FINMA ruling | D50: GEFI
A51: AW | B51: FSC decision date | C51: Date of the Federal Supreme Court decision on a possible appeal against the FAC decision on the FINMA ruling | D51: GEFI
A52: AX | B52: Parallel foreign enforcement | C52: Information on a possible parallel enforcement by foreign supervisory and/or criminal authorities against the same target in the same case (yes/no) | D52: GEFI
... A54: AZ | B54: Commentary | C54: Background information on the case | D54: GEFI

Sheet Percentage of rulings
B1: Global Enforcement in the Financial Industry (GEFI) - Swiss data - globalenforcement.ch
A2: Table copyright: Association Global Enforcement in the Financial Industry and Capital Markets (GEFI) Table responsible: Urs Zulauf Status: October 2026 | B2: Percentage of rulings proactively communicated by FINMA
B3: 2025 | C3: 2024 | D3: 2023 | E3: 2022 | F3: 2021 | G3: 2020 | H3: 2019 | I3: 2018 | J3: 2017 | K3: 2016 | L3: 2015 | M3: 2014 | N3: 2013 | O3: 2012 | P3: 2011 | Q3: 2010 | R3: 2009 | S3: Total
A4: Totel number of rulings reported in FINMA's enforcement reports (International cooperation and take over rulings excluded) Source: GEFI file: ch01 – FINMA enforcement cases (since 2009).xls | B4: 47 | C4: 34 | D4: 24 | E4: 29 | F4: 26 | G4: 24 | H4: 19 | I4: 27 | J4: 30 | K4: 29 | L4: 42 | M4: 49 | N4: 45 | O4: 39 | P4: 28 | Q4: 26 | R4: 37 | S4: =SUM(B4:R4) -> 555
A5: Total number of rulings proactively communicated by FINMA | B5: ='Communicated cases'!G98 -> 1 | C5: ='Communicated cases'!H98 -> 4 | D5: ='Communicated cases'!I98 -> 5 | E5: ='Communicated cases'!J98 -> 4 | F5: ='Communicated cases'!K98 -> 4 | G5: ='Communicated cases'!L98 -> 5 | H5: ='Communicated cases'!M98 -> 3 | I5: ='Communicated cases'!N98 -> 7 | ... R5: ='Communicated cases'!W98 -> 9 | S5: =SUM(B5:R5) -> 80
A6: Percentage of enforcement rulings proactively communicated by FINMA | B6: =B5/B4 -> 0.021276596 | C6: =C5/C4 -> 0.11764706 | D6: =D5/D4 -> 0.20833333 | E6: =E5/E4 -> 0.13793103 | F6: =F5/F4 -> 0.15384615 | G6: =G5/G4 -> 0.20833333 | H6: =H5/H4 -> 0.15789474 | I6: =I5/I4 -> 0.25925926 | ... S6: =S5/S4 -> 0.14414414
